%YAML 1.1
%TAG !u! tag:unity3d.com,2011:
--- !u!1 &73635904972747766
GameObject:
  m_ObjectHideFlags: 0
  m_CorrespondingSourceObject: {fileID: 0}
  m_PrefabInstance: {fileID: 0}
  m_PrefabAsset: {fileID: 0}
  serializedVersion: 6
  m_Component:
  - component: {fileID: 7757748607816249276}
  m_Layer: 0
  m_Name: Bip001 L Foot
  m_TagString: Untagged
  m_Icon: {fileID: 0}
  m_NavMeshLayer: 0
  m_StaticEditorFlags: 0
  m_IsActive: 1
--- !u!4 &7757748607816249276
Transform:
  m_ObjectHideFlags: 0
  m_CorrespondingSourceObject: {fileID: 0}
  m_PrefabInstance: {fileID: 0}
  m_PrefabAsset: {fileID: 0}
  m_GameObject: {fileID: 73635904972747766}
  m_LocalRotation: {x: -0.07777849, y: -0.036436573, z: -0.075081766, w: 0.9934715}
  m_LocalPosition: {x: -0.43507835, y: 0, z: -0.0000000047683715}
  m_LocalScale: {x: 1, y: 0.99999994, z: 1}
  m_ConstrainProportionsScale: 0
  m_Children:
  - {fileID: 2409845092894326549}
  m_Father: {fileID: 7074176299825501577}
  m_RootOrder: 0
  m_LocalEulerAnglesHint: {x: 0, y: 0, z: 0}
--- !u!1 &212702477063719108
GameObject:
  m_ObjectHideFlags: 0
  m_CorrespondingSourceObject: {fileID: 0}
  m_PrefabInstance: {fileID: 0}
  m_PrefabAsset: {fileID: 0}
  serializedVersion: 6
  m_Component:
  - component: {fileID: 5805181541628975785}
  m_Layer: 0
  m_Name: Bip001 L Finger11
  m_TagString: Untagged
  m_Icon: {fileID: 0}
  m_NavMeshLayer: 0
  m_StaticEditorFlags: 0
  m_IsActive: 1
--- !u!4 &5805181541628975785
Transform:
  m_ObjectHideFlags: 0
  m_CorrespondingSourceObject: {fileID: 0}
  m_PrefabInstance: {fileID: 0}
  m_PrefabAsset: {fileID: 0}
  m_GameObject: {fileID: 212702477063719108}
  m_LocalRotation: {x: 0.0000000028136276, y: 0.000000014633115, z: -0.18881938, w: 0.98201185}
  m_LocalPosition: {x: -0.038773764, y: 0, z: 0.000000038146972}
  m_LocalScale: {x: 1.0000001, y: 1.0000001, z: 1}
  m_ConstrainProportionsScale: 0
  m_Children:
  - {fileID: 5832948678189417383}
  m_Father: {fileID: 9172783458858632811}
  m_RootOrder: 0
  m_LocalEulerAnglesHint: {x: 0, y: 0, z: 0}
--- !u!1 &214267886712510463
GameObject:
  m_ObjectHideFlags: 0
  m_CorrespondingSourceObject: {fileID: 0}
  m_PrefabInstance: {fileID: 0}
  m_PrefabAsset: {fileID: 0}
  serializedVersion: 6
  m_Component:
  - component: {fileID: 1294724209003003406}
  m_Layer: 0
  m_Name: Bip001 L UpperArm
  m_TagString: Untagged
  m_Icon: {fileID: 0}
  m_NavMeshLayer: 0
  m_StaticEditorFlags: 0
  m_IsActive: 1
--- !u!4 &1294724209003003406
Transform:
  m_ObjectHideFlags: 0
  m_CorrespondingSourceObject: {fileID: 0}
  m_PrefabInstance: {fileID: 0}
  m_PrefabAsset: {fileID: 0}
  m_GameObject: {fileID: 214267886712510463}
  m_LocalRotation: {x: 0.02326679, y: -0.48887494, z: -0.09067365, w: 0.86731666}
  m_LocalPosition: {x: -0.12975305, y: 0, z: 0}
  m_LocalScale: {x: 1.0000001, y: 1, z: 1.0000001}
  m_ConstrainProportionsScale: 0
  m_Children:
  - {fileID: 4370212635542821679}
  m_Father: {fileID: 1437913305877887803}
  m_RootOrder: 0
  m_LocalEulerAnglesHint: {x: 0, y: 0, z: 0}
--- !u!1 &344644631053020463
GameObject:
  m_ObjectHideFlags: 0
  m_CorrespondingSourceObject: {fileID: 0}
  m_PrefabInstance: {fileID: 0}
  m_PrefabAsset: {fileID: 0}
  serializedVersion: 6
  m_Component:
  - component: {fileID: 1405407210859626692}
  m_Layer: 0
  m_Name: Bip001 R Finger0
  m_TagString: Untagged
  m_Icon: {fileID: 0}
  m_NavMeshLayer: 0
  m_StaticEditorFlags: 0
  m_IsActive: 1
--- !u!4 &1405407210859626692
Transform:
  m_ObjectHideFlags: 0
  m_CorrespondingSourceObject: {fileID: 0}
  m_PrefabInstance: {fileID: 0}
  m_PrefabAsset: {fileID: 0}
  m_GameObject: {fileID: 344644631053020463}
  m_LocalRotation: {x: -0.5088171, y: 0.3357403, z: -0.12520756, w: 0.7827558}
  m_LocalPosition: {x: -0.010324402, y: 0.0003385925, z: 0.03699707}
  m_LocalScale: {x: 1, y: 1.0000001, z: 0.99999994}
  m_ConstrainProportionsScale: 0
  m_Children:
  - {fileID: 4846627830829817558}
  m_Father: {fileID: 5758323720168365945}
  m_RootOrder: 0
  m_LocalEulerAnglesHint: {x: 0, y: 0, z: 0}
--- !u!1 &766210525367011860
GameObject:
  m_ObjectHideFlags: 0
  m_CorrespondingSourceObject: {fileID: 0}
  m_PrefabInstance: {fileID: 0}
  m_PrefabAsset: {fileID: 0}
  serializedVersion: 6
  m_Component:
  - component: {fileID: 1006859052604915150}
  m_Layer: 0
  m_Name: Bip001 R Foot
  m_TagString: Untagged
  m_Icon: {fileID: 0}
  m_NavMeshLayer: 0
  m_StaticEditorFlags: 0
  m_IsActive: 1
--- !u!4 &1006859052604915150
Transform:
  m_ObjectHideFlags: 0
  m_CorrespondingSourceObject: {fileID: 0}
  m_PrefabInstance: {fileID: 0}
  m_PrefabAsset: {fileID: 0}
  m_GameObject: {fileID: 766210525367011860}
  m_LocalRotation: {x: 0.07777848, y: 0.036436487, z: -0.07508176, w: 0.9934715}
  m_LocalPosition: {x: -0.43507835, y: -0.000000019073486, z: 0}
  m_LocalScale: {x: 1, y: 0.9999999, z: 1}
  m_ConstrainProportionsScale: 0
  m_Children:
  - {fileID: 2450734025092474820}
  m_Father: {fileID: 1379985630336455559}
  m_RootOrder: 0
  m_LocalEulerAnglesHint: {x: 0, y: 0, z: 0}
--- !u!1 &860898311280444210
GameObject:
  m_ObjectHideFlags: 0
  m_CorrespondingSourceObject: {fileID: 0}
  m_PrefabInstance: {fileID: 0}
  m_PrefabAsset: {fileID: 0}
  serializedVersion: 6
  m_Component:
  - component: {fileID: 7261227766836900777}
  m_Layer: 0
  m_Name: Bip001 Pelvis
  m_TagString: Untagged
  m_Icon: {fileID: 0}
  m_NavMeshLayer: 0
  m_StaticEditorFlags: 0
  m_IsActive: 1
--- !u!4 &7261227766836900777
Transform:
  m_ObjectHideFlags: 0
  m_CorrespondingSourceObject: {fileID: 0}
  m_PrefabInstance: {fileID: 0}
  m_PrefabAsset: {fileID: 0}
  m_GameObject: {fileID: 860898311280444210}
  m_LocalRotation: {x: -0.5, y: 0.5, z: 0.4999993, w: 0.5000007}
  m_LocalPosition: {x: -0, y: 0, z: 0}
  m_LocalScale: {x: 1, y: 0.99999994, z: 0.99999994}
  m_ConstrainProportionsScale: 0
  m_Children:
  - {fileID: 548540938230256822}
  - {fileID: 6621761425959503448}
  - {fileID: 573487654447550542}
  m_Father: {fileID: 4139444444581635795}
  m_RootOrder: 0
  m_LocalEulerAnglesHint: {x: 0, y: 0, z: 0}
--- !u!1 &1083048755265997226
GameObject:
  m_ObjectHideFlags: 0
  m_CorrespondingSourceObject: {fileID: 0}
  m_PrefabInstance: {fileID: 0}
  m_PrefabAsset: {fileID: 0}
  serializedVersion: 6
  m_Component:
  - component: {fileID: 4846627830829817558}
  m_Layer: 0
  m_Name: Bip001 R Finger01
  m_TagString: Untagged
  m_Icon: {fileID: 0}
  m_NavMeshLayer: 0
  m_StaticEditorFlags: 0
  m_IsActive: 1
--- !u!4 &4846627830829817558
Transform:
  m_ObjectHideFlags: 0
  m_CorrespondingSourceObject: {fileID: 0}
  m_PrefabInstance: {fileID: 0}
  m_PrefabAsset: {fileID: 0}
  m_GameObject: {fileID: 1083048755265997226}
  m_LocalRotation: {x: 0.006415258, y: 0.051941294, z: -0.12241025, w: 0.99109876}
  m_LocalPosition: {x: -0.063468814, y: -0.000000076293944, z: 0}
  m_LocalScale: {x: 1.0000002, y: 0.99999994, z: 1}
  m_ConstrainProportionsScale: 0
  m_Children:
  - {fileID: 7633739405608466522}
  m_Father: {fileID: 1405407210859626692}
  m_RootOrder: 0
  m_LocalEulerAnglesHint: {x: 0, y: 0, z: 0}
--- !u!1 &1456841885632769052
GameObject:
  m_ObjectHideFlags: 0
  m_CorrespondingSourceObject: {fileID: 0}
  m_PrefabInstance: {fileID: 0}
  m_PrefabAsset: {fileID: 0}
  serializedVersion: 6
  m_Component:
  - component: {fileID: 5772766842178725806}
  m_Layer: 0
  m_Name: main_root
  m_TagString: Untagged
  m_Icon: {fileID: 0}
  m_NavMeshLayer: 0
  m_StaticEditorFlags: 0
  m_IsActive: 1
--- !u!4 &5772766842178725806
Transform:
  m_ObjectHideFlags: 0
  m_CorrespondingSourceObject: {fileID: 0}
  m_PrefabInstance: {fileID: 0}
  m_PrefabAsset: {fileID: 0}
  m_GameObject: {fileID: 1456841885632769052}
  m_LocalRotation: {x: -0.7071068, y: -0, z: -0, w: 0.7071068}
  m_LocalPosition: {x: 0, y: 0, z: 0}
  m_LocalScale: {x: 1.25, y: 1.25, z: 1.25}
  m_ConstrainProportionsScale: 0
  m_Children:
  - {fileID: 4139444444581635795}
  m_Father: {fileID: 4219689072370754522}
  m_RootOrder: 3
  m_LocalEulerAnglesHint: {x: 0, y: 0, z: 0}
--- !u!1 &1880931898156321238
GameObject:
  m_ObjectHideFlags: 0
  m_CorrespondingSourceObject: {fileID: 0}
  m_PrefabInstance: {fileID: 0}
  m_PrefabAsset: {fileID: 0}
  serializedVersion: 6
  m_Component:
  - component: {fileID: 5758323720168365945}
  m_Layer: 0
  m_Name: Bip001 R Hand
  m_TagString: Untagged
  m_Icon: {fileID: 0}
  m_NavMeshLayer: 0
  m_StaticEditorFlags: 0
  m_IsActive: 1
--- !u!4 &5758323720168365945
Transform:
  m_ObjectHideFlags: 0
  m_CorrespondingSourceObject: {fileID: 0}
  m_PrefabInstance: {fileID: 0}
  m_PrefabAsset: {fileID: 0}
  m_GameObject: {fileID: 1880931898156321238}
  m_LocalRotation: {x: 0.71303874, y: -0.0211974, z: -0.026234934, w: 0.7003129}
  m_LocalPosition: {x: -0.2122692, y: -0.000000038146972, z: 0}
  m_LocalScale: {x: 1, y: 1.0000001, z: 1}
  m_ConstrainProportionsScale: 0
  m_Children:
  - {fileID: 1405407210859626692}
  - {fileID: 8962370407618164666}
  - {fileID: 2058456455890872824}
  - {fileID: 3633300041713540853}
  m_Father: {fileID: 1671969845307636091}
  m_RootOrder: 0
  m_LocalEulerAnglesHint: {x: 0, y: 0, z: 0}
--- !u!1 &1924608654547037532
GameObject:
  m_ObjectHideFlags: 0
  m_CorrespondingSourceObject: {fileID: 0}
  m_PrefabInstance: {fileID: 0}
  m_PrefabAsset: {fileID: 0}
  serializedVersion: 6
  m_Component:
  - component: {fileID: 2450734025092474820}
  m_Layer: 0
  m_Name: Bip001 R Toe0
  m_TagString: Untagged
  m_Icon: {fileID: 0}
  m_NavMeshLayer: 0
  m_StaticEditorFlags: 0
  m_IsActive: 1
--- !u!4 &2450734025092474820
Transform:
  m_ObjectHideFlags: 0
  m_CorrespondingSourceObject: {fileID: 0}
  m_PrefabInstance: {fileID: 0}
  m_PrefabAsset: {fileID: 0}
  m_GameObject: {fileID: 1924608654547037532}
  m_LocalRotation: {x: -0.000000015454313, y: 0.000000015454313, z: -0.7071068, w: 0.7071068}
  m_LocalPosition: {x: -0.1117365, y: 0.121027716, z: 0}
  m_LocalScale: {x: 1, y: 1, z: 1}
  m_ConstrainProportionsScale: 0
  m_Children:
  - {fileID: 2627234012237446769}
  m_Father: {fileID: 1006859052604915150}
  m_RootOrder: 0
  m_LocalEulerAnglesHint: {x: 0, y: 0, z: 0}
--- !u!1 &2329170448180938891
GameObject:
  m_ObjectHideFlags: 0
  m_CorrespondingSourceObject: {fileID: 0}
  m_PrefabInstance: {fileID: 0}
  m_PrefabAsset: {fileID: 0}
  serializedVersion: 6
  m_Component:
  - component: {fileID: 8186812988916622562}
  m_Layer: 0
  m_Name: Bip001 Head
  m_TagString: Untagged
  m_Icon: {fileID: 0}
  m_NavMeshLayer: 0
  m_StaticEditorFlags: 0
  m_IsActive: 1
--- !u!4 &8186812988916622562
Transform:
  m_ObjectHideFlags: 0
  m_CorrespondingSourceObject: {fileID: 0}
  m_PrefabInstance: {fileID: 0}
  m_PrefabAsset: {fileID: 0}
  m_GameObject: {fileID: 2329170448180938891}
  m_LocalRotation: {x: -0.00020300351, y: 0.009132529, z: 0.022223465, w: 0.99971133}
  m_LocalPosition: {x: -0.087667085, y: 0.013506832, z: 0.000000018502323}
  m_LocalScale: {x: 1.0000001, y: 1.0000001, z: 0.99999994}
  m_ConstrainProportionsScale: 0
  m_Children:
  - {fileID: 1241456975602531965}
  m_Father: {fileID: 3635878049433709448}
  m_RootOrder: 0
  m_LocalEulerAnglesHint: {x: 0, y: 0, z: 0}
--- !u!1 &2410937401017902955
GameObject:
  m_ObjectHideFlags: 0
  m_CorrespondingSourceObject: {fileID: 0}
  m_PrefabInstance: {fileID: 0}
  m_PrefabAsset: {fileID: 0}
  serializedVersion: 6
  m_Component:
  - component: {fileID: 1241456975602531965}
  m_Layer: 0
  m_Name: Bip001 HeadNub
  m_TagString: Untagged
  m_Icon: {fileID: 0}
  m_NavMeshLayer: 0
  m_StaticEditorFlags: 0
  m_IsActive: 1
--- !u!4 &1241456975602531965
Transform:
  m_ObjectHideFlags: 0
  m_CorrespondingSourceObject: {fileID: 0}
  m_PrefabInstance: {fileID: 0}
  m_PrefabAsset: {fileID: 0}
  m_GameObject: {fileID: 2410937401017902955}
  m_LocalRotation: {x: 5.820767e-11, y: 0, z: -0, w: 1}
  m_LocalPosition: {x: -0.15175323, y: 0.000000019073486, z: 0.0000000023841857}
  m_LocalScale: {x: 0.99999994, y: 0.99999994, z: 0.99999994}
  m_ConstrainProportionsScale: 0
  m_Children: []
  m_Father: {fileID: 8186812988916622562}
  m_RootOrder: 0
  m_LocalEulerAnglesHint: {x: 0, y: 0, z: 0}
--- !u!1 &2671204483459537987
GameObject:
  m_ObjectHideFlags: 0
  m_CorrespondingSourceObject: {fileID: 0}
  m_PrefabInstance: {fileID: 0}
  m_PrefabAsset: {fileID: 0}
  serializedVersion: 6
  m_Component:
  - component: {fileID: 573487654447550542}
  m_Layer: 0
  m_Name: Bip001 Spine
  m_TagString: Untagged
  m_Icon: {fileID: 0}
  m_NavMeshLayer: 0
  m_StaticEditorFlags: 0
  m_IsActive: 1
--- !u!4 &573487654447550542
Transform:
  m_ObjectHideFlags: 0
  m_CorrespondingSourceObject: {fileID: 0}
  m_PrefabInstance: {fileID: 0}
  m_PrefabAsset: {fileID: 0}
  m_GameObject: {fileID: 2671204483459537987}
  m_LocalRotation: {x: -0.000002080476, y: 0.000000693676, z: -0.000398159, w: 0.99999994}
  m_LocalPosition: {x: -0.121747665, y: -0.006000677, z: 0.00000018577659}
  m_LocalScale: {x: 1, y: 0.99999994, z: 0.99999994}
  m_ConstrainProportionsScale: 0
  m_Children:
  - {fileID: 2763552266591533906}
  m_Father: {fileID: 7261227766836900777}
  m_RootOrder: 2
  m_LocalEulerAnglesHint: {x: 0, y: 0, z: 0}
--- !u!1 &3110430240663821044
GameObject:
  m_ObjectHideFlags: 0
  m_CorrespondingSourceObject: {fileID: 0}
  m_PrefabInstance: {fileID: 0}
  m_PrefabAsset: {fileID: 0}
  serializedVersion: 6
  m_Component:
  - component: {fileID: 7674887326046751377}
  m_Layer: 0
  m_Name: Bip001 L Finger01
  m_TagString: Untagged
  m_Icon: {fileID: 0}
  m_NavMeshLayer: 0
  m_StaticEditorFlags: 0
  m_IsActive: 1
--- !u!4 &7674887326046751377
Transform:
  m_ObjectHideFlags: 0
  m_CorrespondingSourceObject: {fileID: 0}
  m_PrefabInstance: {fileID: 0}
  m_PrefabAsset: {fileID: 0}
  m_GameObject: {fileID: 3110430240663821044}
  m_LocalRotation: {x: -0.006415297, y: -0.05194128, z: -0.12241031, w: 0.99109876}
  m_LocalPosition: {x: -0.06346886, y: 0.000000076293944, z: -0.000000038146972}
  m_LocalScale: {x: 0.99999994, y: 0.9999999, z: 1}
  m_ConstrainProportionsScale: 0
  m_Children:
  - {fileID: 2871113347675218302}
  m_Father: {fileID: 8320966141675328751}
  m_RootOrder: 0
  m_LocalEulerAnglesHint: {x: 0, y: 0, z: 0}
--- !u!1 &3150265594763050742
GameObject:
  m_ObjectHideFlags: 0
  m_CorrespondingSourceObject: {fileID: 0}
  m_PrefabInstance: {fileID: 0}
  m_PrefabAsset: {fileID: 0}
  serializedVersion: 6
  m_Component:
  - component: {fileID: 6621761425959503448}
  m_Layer: 0
  m_Name: Bip001 R Thigh
  m_TagString: Untagged
  m_Icon: {fileID: 0}
  m_NavMeshLayer: 0
  m_StaticEditorFlags: 0
  m_IsActive: 1
--- !u!4 &6621761425959503448
Transform:
  m_ObjectHideFlags: 0
  m_CorrespondingSourceObject: {fileID: 0}
  m_PrefabInstance: {fileID: 0}
  m_PrefabAsset: {fileID: 0}
  m_GameObject: {fileID: 3150265594763050742}
  m_LocalRotation: {x: -0.00027435974, y: 0.9988095, z: 0.024648976, w: 0.042094547}
  m_LocalPosition: {x: -0.00000015258789, y: -0.00000014830532, z: -0.13718712}
  m_LocalScale: {x: 1, y: 0.99999994, z: 0.99999994}
  m_ConstrainProportionsScale: 0
  m_Children:
  - {fileID: 1379985630336455559}
  m_Father: {fileID: 7261227766836900777}
  m_RootOrder: 1
  m_LocalEulerAnglesHint: {x: 0, y: 0, z: 0}
--- !u!1 &3166870072045654536
GameObject:
  m_ObjectHideFlags: 0
  m_CorrespondingSourceObject: {fileID: 0}
  m_PrefabInstance: {fileID: 0}
  m_PrefabAsset: {fileID: 0}
  serializedVersion: 6
  m_Component:
  - component: {fileID: 7074176299825501577}
  m_Layer: 0
  m_Name: Bip001 L Calf
  m_TagString: Untagged
  m_Icon: {fileID: 0}
  m_NavMeshLayer: 0
  m_StaticEditorFlags: 0
  m_IsActive: 1
--- !u!4 &7074176299825501577
Transform:
  m_ObjectHideFlags: 0
  m_CorrespondingSourceObject: {fileID: 0}
  m_PrefabInstance: {fileID: 0}
  m_PrefabAsset: {fileID: 0}
  m_GameObject: {fileID: 3166870072045654536}
  m_LocalRotation: {x: 0.000000002512547, y: 0.000000003920606, z: 0.07351388, w: 0.9972942}
  m_LocalPosition: {x: -0.41774943, y: 5.9604643e-10, z: -0.000000009536743}
  m_LocalScale: {x: 0.99999994, y: 1, z: 1}
  m_ConstrainProportionsScale: 0
  m_Children:
  - {fileID: 7757748607816249276}
  m_Father: {fileID: 548540938230256822}
  m_RootOrder: 0
  m_LocalEulerAnglesHint: {x: 0, y: 0, z: 0}
--- !u!1 &3359166353022265997
GameObject:
  m_ObjectHideFlags: 0
  m_CorrespondingSourceObject: {fileID: 0}
  m_PrefabInstance: {fileID: 0}
  m_PrefabAsset: {fileID: 0}
  serializedVersion: 6
  m_Component:
  - component: {fileID: 5832948678189417383}
  m_Layer: 0
  m_Name: Bip001 L Finger1Nub
  m_TagString: Untagged
  m_Icon: {fileID: 0}
  m_NavMeshLayer: 0
  m_StaticEditorFlags: 0
  m_IsActive: 1
--- !u!4 &5832948678189417383
Transform:
  m_ObjectHideFlags: 0
  m_CorrespondingSourceObject: {fileID: 0}
  m_PrefabInstance: {fileID: 0}
  m_PrefabAsset: {fileID: 0}
  m_GameObject: {fileID: 3359166353022265997}
  m_LocalRotation: {x: 0.000000007450581, y: 1.3877786e-17, z: 0.0000000018626449, w: 1}
  m_LocalPosition: {x: -0.04718857, y: 0, z: -0.000000038146972}
  m_LocalScale: {x: 1.0000001, y: 1, z: 1.0000001}
  m_ConstrainProportionsScale: 0
  m_Children: []
  m_Father: {fileID: 5805181541628975785}
  m_RootOrder: 0
  m_LocalEulerAnglesHint: {x: 0, y: 0, z: 0}
--- !u!1 &3511445790068993919
GameObject:
  m_ObjectHideFlags: 0
  m_CorrespondingSourceObject: {fileID: 0}
  m_PrefabInstance: {fileID: 0}
  m_PrefabAsset: {fileID: 0}
  serializedVersion: 6
  m_Component:
  - component: {fileID: 2409845092894326549}
  m_Layer: 0
  m_Name: Bip001 L Toe0
  m_TagString: Untagged
  m_Icon: {fileID: 0}
  m_NavMeshLayer: 0
  m_StaticEditorFlags: 0
  m_IsActive: 1
--- !u!4 &2409845092894326549
Transform:
  m_ObjectHideFlags: 0
  m_CorrespondingSourceObject: {fileID: 0}
  m_PrefabInstance: {fileID: 0}
  m_PrefabAsset: {fileID: 0}
  m_GameObject: {fileID: 3511445790068993919}
  m_LocalRotation: {x: 0.000000015454313, y: -0.000000015454313, z: -0.7071068, w: 0.7071068}
  m_LocalPosition: {x: -0.1117365, y: 0.12102773, z: 0.0000000047683715}
  m_LocalScale: {x: 1.0000001, y: 1, z: 1.0000001}
  m_ConstrainProportionsScale: 0
  m_Children:
  - {fileID: 3051838040923963813}
  m_Father: {fileID: 7757748607816249276}
  m_RootOrder: 0
  m_LocalEulerAnglesHint: {x: 0, y: 0, z: 0}
--- !u!1 &3609364155608486287
GameObject:
  m_ObjectHideFlags: 0
  m_CorrespondingSourceObject: {fileID: 0}
  m_PrefabInstance: {fileID: 0}
  m_PrefabAsset: {fileID: 0}
  serializedVersion: 6
  m_Component:
  - component: {fileID: 3633300041713540853}
  m_Layer: 0
  m_Name: Weapon_R
  m_TagString: Untagged
  m_Icon: {fileID: 0}
  m_NavMeshLayer: 0
  m_StaticEditorFlags: 0
  m_IsActive: 1
--- !u!4 &3633300041713540853
Transform:
  m_ObjectHideFlags: 0
  m_CorrespondingSourceObject: {fileID: 0}
  m_PrefabInstance: {fileID: 0}
  m_PrefabAsset: {fileID: 0}
  m_GameObject: {fileID: 3609364155608486287}
  m_LocalRotation: {x: 0.52844703, y: -0.4688263, z: -0.4781008, w: 0.5218862}
  m_LocalPosition: {x: -0.07674435, y: 0.019768067, z: 0.028637962}
  m_LocalScale: {x: 1.0000001, y: 1, z: 0.99999976}
  m_ConstrainProportionsScale: 0
  m_Children:
  - {fileID: 5523484616340586582}
  m_Father: {fileID: 5758323720168365945}
  m_RootOrder: 3
  m_LocalEulerAnglesHint: {x: 0, y: 0, z: 0}
--- !u!1 &3768657441810588110
GameObject:
  m_ObjectHideFlags: 0
  m_CorrespondingSourceObject: {fileID: 0}
  m_PrefabInstance: {fileID: 0}
  m_PrefabAsset: {fileID: 0}
  serializedVersion: 6
  m_Component:
  - component: {fileID: 821342271545423505}
  m_Layer: 0
  m_Name: Bip001 L Finger2
  m_TagString: Untagged
  m_Icon: {fileID: 0}
  m_NavMeshLayer: 0
  m_StaticEditorFlags: 0
  m_IsActive: 1
--- !u!4 &821342271545423505
Transform:
  m_ObjectHideFlags: 0
  m_CorrespondingSourceObject: {fileID: 0}
  m_PrefabInstance: {fileID: 0}
  m_PrefabAsset: {fileID: 0}
  m_GameObject: {fileID: 3768657441810588110}
  m_LocalRotation: {x: -0.101284094, y: 0.16135952, z: -0.29540697, w: 0.93618345}
  m_LocalPosition: {x: -0.10139381, y: 0.0029722594, z: 0.012370605}
  m_LocalScale: {x: 1.0000001, y: 1, z: 0.99999994}
  m_ConstrainProportionsScale: 0
  m_Children:
  - {fileID: 616472264887200821}
  m_Father: {fileID: 7287060300072768050}
  m_RootOrder: 2
  m_LocalEulerAnglesHint: {x: 0, y: 0, z: 0}
--- !u!1 &4129328607352836313
GameObject:
  m_ObjectHideFlags: 0
  m_CorrespondingSourceObject: {fileID: 0}
  m_PrefabInstance: {fileID: 0}
  m_PrefabAsset: {fileID: 0}
  serializedVersion: 6
  m_Component:
  - component: {fileID: 9183861914758779105}
  m_Layer: 0
  m_Name: Bip001 R Clavicle
  m_TagString: Untagged
  m_Icon: {fileID: 0}
  m_NavMeshLayer: 0
  m_StaticEditorFlags: 0
  m_IsActive: 1
--- !u!4 &9183861914758779105
Transform:
  m_ObjectHideFlags: 0
  m_CorrespondingSourceObject: {fileID: 0}
  m_PrefabInstance: {fileID: 0}
  m_PrefabAsset: {fileID: 0}
  m_GameObject: {fileID: 4129328607352836313}
  m_LocalRotation: {x: 0.70078355, y: 0.09435271, z: 0.7008585, w: 0.09379461}
  m_LocalPosition: {x: -0.1858599, y: -0.008572941, z: -0.042543568}
  m_LocalScale: {x: 0.99999994, y: 1, z: 1}
  m_ConstrainProportionsScale: 0
  m_Children:
  - {fileID: 8304012462394914301}
  m_Father: {fileID: 2763552266591533906}
  m_RootOrder: 2
  m_LocalEulerAnglesHint: {x: 0, y: 0, z: 0}
--- !u!1 &4253121624034580189
GameObject:
  m_ObjectHideFlags: 0
  m_CorrespondingSourceObject: {fileID: 0}
  m_PrefabInstance: {fileID: 0}
  m_PrefabAsset: {fileID: 0}
  serializedVersion: 6
  m_Component:
  - component: {fileID: 848465776262055140}
  m_Layer: 0
  m_Name: Bip001 R Finger1Nub
  m_TagString: Untagged
  m_Icon: {fileID: 0}
  m_NavMeshLayer: 0
  m_StaticEditorFlags: 0
  m_IsActive: 1
--- !u!4 &848465776262055140
Transform:
  m_ObjectHideFlags: 0
  m_CorrespondingSourceObject: {fileID: 0}
  m_PrefabInstance: {fileID: 0}
  m_PrefabAsset: {fileID: 0}
  m_GameObject: {fileID: 4253121624034580189}
  m_LocalRotation: {x: 0.000000014901161, y: 0.0000000037252903, z: 1, w: 5.721189e-18}
  m_LocalPosition: {x: -0.04718857, y: 0, z: 0.000000038146972}
  m_LocalScale: {x: -1, y: -1, z: -1}
  m_ConstrainProportionsScale: 0
  m_Children: []
  m_Father: {fileID: 1706386272266031844}
  m_RootOrder: 0
  m_LocalEulerAnglesHint: {x: 0, y: 0, z: 0}
--- !u!1 &4344260704183192006
GameObject:
  m_ObjectHideFlags: 0
  m_CorrespondingSourceObject: {fileID: 0}
  m_PrefabInstance: {fileID: 0}
  m_PrefabAsset: {fileID: 0}
  serializedVersion: 6
  m_Component:
  - component: {fileID: 8304012462394914301}
  m_Layer: 0
  m_Name: Bip001 R UpperArm
  m_TagString: Untagged
  m_Icon: {fileID: 0}
  m_NavMeshLayer: 0
  m_StaticEditorFlags: 0
  m_IsActive: 1
--- !u!4 &8304012462394914301
Transform:
  m_ObjectHideFlags: 0
  m_CorrespondingSourceObject: {fileID: 0}
  m_PrefabInstance: {fileID: 0}
  m_PrefabAsset: {fileID: 0}
  m_GameObject: {fileID: 4344260704183192006}
  m_LocalRotation: {x: -0.023266796, y: 0.48887497, z: -0.09067364, w: 0.8673167}
  m_LocalPosition: {x: -0.12975305, y: 0, z: 0}
  m_LocalScale: {x: 1.0000001, y: 1.0000001, z: 1.0000001}
  m_ConstrainProportionsScale: 0
  m_Children:
  - {fileID: 1671969845307636091}
  m_Father: {fileID: 9183861914758779105}
  m_RootOrder: 0
  m_LocalEulerAnglesHint: {x: 0, y: 0, z: 0}
--- !u!1 &4525321737355081446
GameObject:
  m_ObjectHideFlags: 0
  m_CorrespondingSourceObject: {fileID: 0}
  m_PrefabInstance: {fileID: 0}
  m_PrefabAsset: {fileID: 0}
  serializedVersion: 6
  m_Component:
  - component: {fileID: 3822399814129765626}
  m_Layer: 0
  m_Name: Bip001 R Finger21
  m_TagString: Untagged
  m_Icon: {fileID: 0}
  m_NavMeshLayer: 0
  m_StaticEditorFlags: 0
  m_IsActive: 1
--- !u!4 &3822399814129765626
Transform:
  m_ObjectHideFlags: 0
  m_CorrespondingSourceObject: {fileID: 0}
  m_PrefabInstance: {fileID: 0}
  m_PrefabAsset: {fileID: 0}
  m_GameObject: {fileID: 4525321737355081446}
  m_LocalRotation: {x: 0.09430276, y: -0.05678502, z: -0.31212768, w: 0.94364125}
  m_LocalPosition: {x: -0.04351341, y: 0, z: 0.000000038146972}
  m_LocalScale: {x: 1.0000001, y: 1, z: 1.0000001}
  m_ConstrainProportionsScale: 0
  m_Children:
  - {fileID: 443447664255902584}
  m_Father: {fileID: 2058456455890872824}
  m_RootOrder: 0
  m_LocalEulerAnglesHint: {x: 0, y: 0, z: 0}
--- !u!1 &4896635389584702368
GameObject:
  m_ObjectHideFlags: 0
  m_CorrespondingSourceObject: {fileID: 0}
  m_PrefabInstance: {fileID: 0}
  m_PrefabAsset: {fileID: 0}
  serializedVersion: 6
  m_Component:
  - component: {fileID: 8962370407618164666}
  m_Layer: 0
  m_Name: Bip001 R Finger1
  m_TagString: Untagged
  m_Icon: {fileID: 0}
  m_NavMeshLayer: 0
  m_StaticEditorFlags: 0
  m_IsActive: 1
--- !u!4 &8962370407618164666
Transform:
  m_ObjectHideFlags: 0
  m_CorrespondingSourceObject: {fileID: 0}
  m_PrefabInstance: {fileID: 0}
  m_PrefabAsset: {fileID: 0}
  m_GameObject: {fileID: 4896635389584702368}
  m_LocalRotation: {x: -0.12627748, y: 0.07131924, z: -0.1843887, w: 0.9720949}
  m_LocalPosition: {x: -0.10821365, y: -0.0029225159, z: 0.032131538}
  m_LocalScale: {x: 1, y: 0.9999999, z: 1.0000002}
  m_ConstrainProportionsScale: 0
  m_Children:
  - {fileID: 1706386272266031844}
  m_Father: {fileID: 5758323720168365945}
  m_RootOrder: 1
  m_LocalEulerAnglesHint: {x: 0, y: 0, z: 0}
--- !u!1 &5765818023346492607
GameObject:
  m_ObjectHideFlags: 0
  m_CorrespondingSourceObject: {fileID: 0}
  m_PrefabInstance: {fileID: 0}
  m_PrefabAsset: {fileID: 0}
  serializedVersion: 6
  m_Component:
  - component: {fileID: 2058456455890872824}
  m_Layer: 0
  m_Name: Bip001 R Finger2
  m_TagString: Untagged
  m_Icon: {fileID: 0}
  m_NavMeshLayer: 0
  m_StaticEditorFlags: 0
  m_IsActive: 1
--- !u!4 &2058456455890872824
Transform:
  m_ObjectHideFlags: 0
  m_CorrespondingSourceObject: {fileID: 0}
  m_PrefabInstance: {fileID: 0}
  m_PrefabAsset: {fileID: 0}
  m_GameObject: {fileID: 5765818023346492607}
  m_LocalRotation: {x: 0.10128412, y: -0.1613595, z: -0.29540688, w: 0.93618345}
  m_LocalPosition: {x: -0.10139366, y: 0.0029722594, z: -0.012370605}
  m_LocalScale: {x: 1.0000001, y: 1, z: 1.0000001}
  m_ConstrainProportionsScale: 0
  m_Children:
  - {fileID: 3822399814129765626}
  m_Father: {fileID: 5758323720168365945}
  m_RootOrder: 2
  m_LocalEulerAnglesHint: {x: 0, y: 0, z: 0}
--- !u!1 &5874949600275517544
GameObject:
  m_ObjectHideFlags: 0
  m_CorrespondingSourceObject: {fileID: 0}
  m_PrefabInstance: {fileID: 0}
  m_PrefabAsset: {fileID: 0}
  serializedVersion: 6
  m_Component:
  - component: {fileID: 443447664255902584}
  m_Layer: 0
  m_Name: Bip001 R Finger2Nub
  m_TagString: Untagged
  m_Icon: {fileID: 0}
  m_NavMeshLayer: 0
  m_StaticEditorFlags: 0
  m_IsActive: 1
--- !u!4 &443447664255902584
Transform:
  m_ObjectHideFlags: 0
  m_CorrespondingSourceObject: {fileID: 0}
  m_PrefabInstance: {fileID: 0}
  m_PrefabAsset: {fileID: 0}
  m_GameObject: {fileID: 5874949600275517544}
  m_LocalRotation: {x: -0.0000000044237822, y: -0.0000000034924594, z: 1, w: 0.000000044703484}
  m_LocalPosition: {x: -0.03851631, y: 0.000000038146972, z: 0}
  m_LocalScale: {x: -1, y: -1, z: -1.0000001}
  m_ConstrainProportionsScale: 0
  m_Children: []
  m_Father: {fileID: 3822399814129765626}
  m_RootOrder: 0
  m_LocalEulerAnglesHint: {x: 0, y: 0, z: 0}
--- !u!1 &5894004024344930684
GameObject:
  m_ObjectHideFlags: 0
  m_CorrespondingSourceObject: {fileID: 0}
  m_PrefabInstance: {fileID: 0}
  m_PrefabAsset: {fileID: 0}
  serializedVersion: 6
  m_Component:
  - component: {fileID: 2871113347675218302}
  m_Layer: 0
  m_Name: Bip001 L Finger0Nub
  m_TagString: Untagged
  m_Icon: {fileID: 0}
  m_NavMeshLayer: 0
  m_StaticEditorFlags: 0
  m_IsActive: 1
--- !u!4 &2871113347675218302
Transform:
  m_ObjectHideFlags: 0
  m_CorrespondingSourceObject: {fileID: 0}
  m_PrefabInstance: {fileID: 0}
  m_PrefabAsset: {fileID: 0}
  m_GameObject: {fileID: 5894004024344930684}
  m_LocalRotation: {x: 0.0000000074505815, y: 0, z: -0, w: 1}
  m_LocalPosition: {x: -0.045908812, y: 0, z: 0}
  m_LocalScale: {x: 1, y: 0.9999999, z: 0.99999994}
  m_ConstrainProportionsScale: 0
  m_Children: []
  m_Father: {fileID: 7674887326046751377}
  m_RootOrder: 0
  m_LocalEulerAnglesHint: {x: 0, y: 0, z: 0}
--- !u!1 &6287855364637339271
GameObject:
  m_ObjectHideFlags: 0
  m_CorrespondingSourceObject: {fileID: 0}
  m_PrefabInstance: {fileID: 0}
  m_PrefabAsset: {fileID: 0}
  serializedVersion: 6
  m_Component:
  - component: {fileID: 1437913305877887803}
  m_Layer: 0
  m_Name: Bip001 L Clavicle
  m_TagString: Untagged
  m_Icon: {fileID: 0}
  m_NavMeshLayer: 0
  m_StaticEditorFlags: 0
  m_IsActive: 1
--- !u!4 &1437913305877887803
Transform:
  m_ObjectHideFlags: 0
  m_CorrespondingSourceObject: {fileID: 0}
  m_PrefabInstance: {fileID: 0}
  m_PrefabAsset: {fileID: 0}
  m_GameObject: {fileID: 6287855364637339271}
  m_LocalRotation: {x: -0.7007833, y: -0.09435465, z: 0.70085824, w: 0.09379655}
  m_LocalPosition: {x: -0.1858599, y: -0.00857317, z: 0.04254351}
  m_LocalScale: {x: 0.99999994, y: 1, z: 1}
  m_ConstrainProportionsScale: 0
  m_Children:
  - {fileID: 1294724209003003406}
  m_Father: {fileID: 2763552266591533906}
  m_RootOrder: 0
  m_LocalEulerAnglesHint: {x: 0, y: 0, z: 0}
--- !u!1 &6532089584960347802
GameObject:
  m_ObjectHideFlags: 0
  m_CorrespondingSourceObject: {fileID: 0}
  m_PrefabInstance: {fileID: 0}
  m_PrefabAsset: {fileID: 0}
  serializedVersion: 6
  m_Component:
  - component: {fileID: 7287060300072768050}
  m_Layer: 0
  m_Name: Bip001 L Hand
  m_TagString: Untagged
  m_Icon: {fileID: 0}
  m_NavMeshLayer: 0
  m_StaticEditorFlags: 0
  m_IsActive: 1
--- !u!4 &7287060300072768050
Transform:
  m_ObjectHideFlags: 0
  m_CorrespondingSourceObject: {fileID: 0}
  m_PrefabInstance: {fileID: 0}
  m_PrefabAsset: {fileID: 0}
  m_GameObject: {fileID: 6532089584960347802}
  m_LocalRotation: {x: -0.71303874, y: 0.021197379, z: -0.026234891, w: 0.7003129}
  m_LocalPosition: {x: -0.2122692, y: -0.000000038146972, z: 0}
  m_LocalScale: {x: 0.99999994, y: 1, z: 1}
  m_ConstrainProportionsScale: 0
  m_Children:
  - {fileID: 8320966141675328751}
  - {fileID: 9172783458858632811}
  - {fileID: 821342271545423505}
  - {fileID: 4607788874209266278}
  m_Father: {fileID: 4370212635542821679}
  m_RootOrder: 0
  m_LocalEulerAnglesHint: {x: 0, y: 0, z: 0}
--- !u!1 &6586681025870707922
GameObject:
  m_ObjectHideFlags: 0
  m_CorrespondingSourceObject: {fileID: 0}
  m_PrefabInstance: {fileID: 0}
  m_PrefabAsset: {fileID: 0}
  serializedVersion: 6
  m_Component:
  - component: {fileID: 2627234012237446769}
  m_Layer: 0
  m_Name: Bip001 R Toe0Nub
  m_TagString: Untagged
  m_Icon: {fileID: 0}
  m_NavMeshLayer: 0
  m_StaticEditorFlags: 0
  m_IsActive: 1
--- !u!4 &2627234012237446769
Transform:
  m_ObjectHideFlags: 0
  m_CorrespondingSourceObject: {fileID: 0}
  m_PrefabInstance: {fileID: 0}
  m_PrefabAsset: {fileID: 0}
  m_GameObject: {fileID: 6586681025870707922}
  m_LocalRotation: {x: 1.8581752e-30, y: -1.0460596e-15, z: 1.7763568e-15, w: 1}
  m_LocalPosition: {x: -0.079480484, y: 0, z: 0}
  m_LocalScale: {x: 1, y: 1, z: 1}
  m_ConstrainProportionsScale: 0
  m_Children: []
  m_Father: {fileID: 2450734025092474820}
  m_RootOrder: 0
  m_LocalEulerAnglesHint: {x: 0, y: 0, z: 0}
--- !u!1 &6709281945072477866
GameObject:
  m_ObjectHideFlags: 0
  m_CorrespondingSourceObject: {fileID: 0}
  m_PrefabInstance: {fileID: 0}
  m_PrefabAsset: {fileID: 0}
  serializedVersion: 6
  m_Component:
  - component: {fileID: 3051838040923963813}
  m_Layer: 0
  m_Name: Bip001 L Toe0Nub
  m_TagString: Untagged
  m_Icon: {fileID: 0}
  m_NavMeshLayer: 0
  m_StaticEditorFlags: 0
  m_IsActive: 1
--- !u!4 &3051838040923963813
Transform:
  m_ObjectHideFlags: 0
  m_CorrespondingSourceObject: {fileID: 0}
  m_PrefabInstance: {fileID: 0}
  m_PrefabAsset: {fileID: 0}
  m_GameObject: {fileID: 6709281945072477866}
  m_LocalRotation: {x: 1.0460619e-15, y: -6.4052816e-32, z: 1, w: 6.123234e-17}
  m_LocalPosition: {x: -0.07948049, y: 0, z: 0.0000000047683715}
  m_LocalScale: {x: -1.0000001, y: -1, z: -1.0000001}
  m_ConstrainProportionsScale: 0
  m_Children: []
  m_Father: {fileID: 2409845092894326549}
  m_RootOrder: 0
  m_LocalEulerAnglesHint: {x: 0, y: 0, z: 0}
--- !u!1 &6746030372053490592
GameObject:
  m_ObjectHideFlags: 0
  m_CorrespondingSourceObject: {fileID: 0}
  m_PrefabInstance: {fileID: 0}
  m_PrefabAsset: {fileID: 0}
  serializedVersion: 6
  m_Component:
  - component: {fileID: 548540938230256822}
  m_Layer: 0
  m_Name: Bip001 L Thigh
  m_TagString: Untagged
  m_Icon: {fileID: 0}
  m_NavMeshLayer: 0
  m_StaticEditorFlags: 0
  m_IsActive: 1
--- !u!4 &548540938230256822
Transform:
  m_ObjectHideFlags: 0
  m_CorrespondingSourceObject: {fileID: 0}
  m_PrefabInstance: {fileID: 0}
  m_PrefabAsset: {fileID: 0}
  m_GameObject: {fileID: 6746030372053490592}
  m_LocalRotation: {x: -0.0002743374, y: 0.9988094, z: -0.024650358, w: -0.04209601}
  m_LocalPosition: {x: 0.00000015258789, y: 0.00000023219695, z: 0.13718712}
  m_LocalScale: {x: 1, y: 1, z: 0.99999994}
  m_ConstrainProportionsScale: 0
  m_Children:
  - {fileID: 7074176299825501577}
  m_Father: {fileID: 7261227766836900777}
  m_RootOrder: 0
  m_LocalEulerAnglesHint: {x: 0, y: 0, z: 0}
--- !u!1 &6793383399945643735
GameObject:
  m_ObjectHideFlags: 0
  m_CorrespondingSourceObject: {fileID: 0}
  m_PrefabInstance: {fileID: 0}
  m_PrefabAsset: {fileID: 0}
  serializedVersion: 6
  m_Component:
  - component: {fileID: 1706386272266031844}
  m_Layer: 0
  m_Name: Bip001 R Finger11
  m_TagString: Untagged
  m_Icon: {fileID: 0}
  m_NavMeshLayer: 0
  m_StaticEditorFlags: 0
  m_IsActive: 1
--- !u!4 &1706386272266031844
Transform:
  m_ObjectHideFlags: 0
  m_CorrespondingSourceObject: {fileID: 0}
  m_PrefabInstance: {fileID: 0}
  m_PrefabAsset: {fileID: 0}
  m_GameObject: {fileID: 6793383399945643735}
  m_LocalRotation: {x: -0.000000010974836, y: 0.0000000021102207, z: -0.18881936, w: 0.98201185}
  m_LocalPosition: {x: -0.038773764, y: 0, z: 0.000000038146972}
  m_LocalScale: {x: 1.0000001, y: 1.0000001, z: 1}
  m_ConstrainProportionsScale: 0
  m_Children:
  - {fileID: 848465776262055140}
  m_Father: {fileID: 8962370407618164666}
  m_RootOrder: 0
  m_LocalEulerAnglesHint: {x: 0, y: 0, z: 0}
--- !u!1 &6811911674348566474
GameObject:
  m_ObjectHideFlags: 0
  m_CorrespondingSourceObject: {fileID: 0}
  m_PrefabInstance: {fileID: 0}
  m_PrefabAsset: {fileID: 0}
  serializedVersion: 6
  m_Component:
  - component: {fileID: 1671969845307636091}
  m_Layer: 0
  m_Name: Bip001 R Forearm
  m_TagString: Untagged
  m_Icon: {fileID: 0}
  m_NavMeshLayer: 0
  m_StaticEditorFlags: 0
  m_IsActive: 1
--- !u!4 &1671969845307636091
Transform:
  m_ObjectHideFlags: 0
  m_CorrespondingSourceObject: {fileID: 0}
  m_PrefabInstance: {fileID: 0}
  m_PrefabAsset: {fileID: 0}
  m_GameObject: {fileID: 6811911674348566474}
  m_LocalRotation: {x: 0.000000009974889, y: 0.000000018563153, z: 0.28817427, w: 0.957578}
  m_LocalPosition: {x: -0.28461617, y: -0.000000007152557, z: 0}
  m_LocalScale: {x: 1.0000001, y: 1.0000002, z: 1.0000001}
  m_ConstrainProportionsScale: 0
  m_Children:
  - {fileID: 5758323720168365945}
  m_Father: {fileID: 8304012462394914301}
  m_RootOrder: 0
  m_LocalEulerAnglesHint: {x: 0, y: 0, z: 0}
--- !u!1 &7193057991864623927
GameObject:
  m_ObjectHideFlags: 0
  m_CorrespondingSourceObject: {fileID: 0}
  m_PrefabInstance: {fileID: 0}
  m_PrefabAsset: {fileID: 0}
  serializedVersion: 6
  m_Component:
  - component: {fileID: 1022280227395756233}
  m_Layer: 0
  m_Name: Bip001 L Finger2Nub
  m_TagString: Untagged
  m_Icon: {fileID: 0}
  m_NavMeshLayer: 0
  m_StaticEditorFlags: 0
  m_IsActive: 1
--- !u!4 &1022280227395756233
Transform:
  m_ObjectHideFlags: 0
  m_CorrespondingSourceObject: {fileID: 0}
  m_PrefabInstance: {fileID: 0}
  m_PrefabAsset: {fileID: 0}
  m_GameObject: {fileID: 7193057991864623927}
  m_LocalRotation: {x: 0.000000007916242, y: -0.0000000067520878, z: 0.000000014901159, w: 1}
  m_LocalPosition: {x: -0.038516387, y: -0.000000038146972, z: -0.000000019073486}
  m_LocalScale: {x: 1.0000001, y: 1, z: 1}
  m_ConstrainProportionsScale: 0
  m_Children: []
  m_Father: {fileID: 616472264887200821}
  m_RootOrder: 0
  m_LocalEulerAnglesHint: {x: 0, y: 0, z: 0}
--- !u!1 &7334003563308784208
GameObject:
  m_ObjectHideFlags: 0
  m_CorrespondingSourceObject: {fileID: 0}
  m_PrefabInstance: {fileID: 0}
  m_PrefabAsset: {fileID: 0}
  serializedVersion: 6
  m_Component:
  - component: {fileID: 8320966141675328751}
  m_Layer: 0
  m_Name: Bip001 L Finger0
  m_TagString: Untagged
  m_Icon: {fileID: 0}
  m_NavMeshLayer: 0
  m_StaticEditorFlags: 0
  m_IsActive: 1
--- !u!4 &8320966141675328751
Transform:
  m_ObjectHideFlags: 0
  m_CorrespondingSourceObject: {fileID: 0}
  m_PrefabInstance: {fileID: 0}
  m_PrefabAsset: {fileID: 0}
  m_GameObject: {fileID: 7334003563308784208}
  m_LocalRotation: {x: 0.5088171, y: -0.3357403, z: -0.12520756, w: 0.78275585}
  m_LocalPosition: {x: -0.010324478, y: 0.00033851623, z: -0.03699707}
  m_LocalScale: {x: 0.99999994, y: 1, z: 0.9999999}
  m_ConstrainProportionsScale: 0
  m_Children:
  - {fileID: 7674887326046751377}
  m_Father: {fileID: 7287060300072768050}
  m_RootOrder: 0
  m_LocalEulerAnglesHint: {x: 0, y: 0, z: 0}
--- !u!1 &7362184935864200129
GameObject:
  m_ObjectHideFlags: 0
  m_CorrespondingSourceObject: {fileID: 0}
  m_PrefabInstance: {fileID: 0}
  m_PrefabAsset: {fileID: 0}
  serializedVersion: 6
  m_Component:
  - component: {fileID: 4139444444581635795}
  m_Layer: 0
  m_Name: Bip001
  m_TagString: Untagged
  m_Icon: {fileID: 0}
  m_NavMeshLayer: 0
  m_StaticEditorFlags: 0
  m_IsActive: 1
--- !u!4 &4139444444581635795
Transform:
  m_ObjectHideFlags: 0
  m_CorrespondingSourceObject: {fileID: 0}
  m_PrefabInstance: {fileID: 0}
  m_PrefabAsset: {fileID: 0}
  m_GameObject: {fileID: 7362184935864200129}
  m_LocalRotation: {x: 0, y: 0, z: 0.7071063, w: 0.70710725}
  m_LocalPosition: {x: -0, y: 0, z: 0.95960844}
  m_LocalScale: {x: 0.99999994, y: 0.99999994, z: 1}
  m_ConstrainProportionsScale: 0
  m_Children:
  - {fileID: 7261227766836900777}
  m_Father: {fileID: 5772766842178725806}
  m_RootOrder: 0
  m_LocalEulerAnglesHint: {x: 0, y: 0, z: 0}
--- !u!1 &7657409519053003139
GameObject:
  m_ObjectHideFlags: 0
  m_CorrespondingSourceObject: {fileID: 0}
  m_PrefabInstance: {fileID: 0}
  m_PrefabAsset: {fileID: 0}
  serializedVersion: 6
  m_Component:
  - component: {fileID: 616472264887200821}
  m_Layer: 0
  m_Name: Bip001 L Finger21
  m_TagString: Untagged
  m_Icon: {fileID: 0}
  m_NavMeshLayer: 0
  m_StaticEditorFlags: 0
  m_IsActive: 1
--- !u!4 &616472264887200821
Transform:
  m_ObjectHideFlags: 0
  m_CorrespondingSourceObject: {fileID: 0}
  m_PrefabInstance: {fileID: 0}
  m_PrefabAsset: {fileID: 0}
  m_GameObject: {fileID: 7657409519053003139}
  m_LocalRotation: {x: -0.09430274, y: 0.05678505, z: -0.31212774, w: 0.94364125}
  m_LocalPosition: {x: -0.043513335, y: 0.000000019073486, z: 0.000000038146972}
  m_LocalScale: {x: 1.0000001, y: 1, z: 1}
  m_ConstrainProportionsScale: 0
  m_Children:
  - {fileID: 1022280227395756233}
  m_Father: {fileID: 821342271545423505}
  m_RootOrder: 0
  m_LocalEulerAnglesHint: {x: 0, y: 0, z: 0}
--- !u!1 &8005461915529737537
GameObject:
  m_ObjectHideFlags: 0
  m_CorrespondingSourceObject: {fileID: 0}
  m_PrefabInstance: {fileID: 0}
  m_PrefabAsset: {fileID: 0}
  serializedVersion: 6
  m_Component:
  - component: {fileID: 1379985630336455559}
  m_Layer: 0
  m_Name: Bip001 R Calf
  m_TagString: Untagged
  m_Icon: {fileID: 0}
  m_NavMeshLayer: 0
  m_StaticEditorFlags: 0
  m_IsActive: 1
--- !u!4 &1379985630336455559
Transform:
  m_ObjectHideFlags: 0
  m_CorrespondingSourceObject: {fileID: 0}
  m_PrefabInstance: {fileID: 0}
  m_PrefabAsset: {fileID: 0}
  m_GameObject: {fileID: 8005461915529737537}
  m_LocalRotation: {x: -4.6440124e-10, y: -3.4232565e-11, z: 0.07351388, w: 0.9972942}
  m_LocalPosition: {x: -0.41774935, y: 5.9604643e-10, z: 0.0000000047683715}
  m_LocalScale: {x: 0.99999994, y: 1.0000001, z: 1}
  m_ConstrainProportionsScale: 0
  m_Children:
  - {fileID: 1006859052604915150}
  m_Father: {fileID: 6621761425959503448}
  m_RootOrder: 0
  m_LocalEulerAnglesHint: {x: 0, y: 0, z: 0}
--- !u!1 &8340959432402962441
GameObject:
  m_ObjectHideFlags: 0
  m_CorrespondingSourceObject: {fileID: 0}
  m_PrefabInstance: {fileID: 0}
  m_PrefabAsset: {fileID: 0}
  serializedVersion: 6
  m_Component:
  - component: {fileID: 9172783458858632811}
  m_Layer: 0
  m_Name: Bip001 L Finger1
  m_TagString: Untagged
  m_Icon: {fileID: 0}
  m_NavMeshLayer: 0
  m_StaticEditorFlags: 0
  m_IsActive: 1
--- !u!4 &9172783458858632811
Transform:
  m_ObjectHideFlags: 0
  m_CorrespondingSourceObject: {fileID: 0}
  m_PrefabInstance: {fileID: 0}
  m_PrefabAsset: {fileID: 0}
  m_GameObject: {fileID: 8340959432402962441}
  m_LocalRotation: {x: 0.12627748, y: -0.07131925, z: -0.1843887, w: 0.9720949}
  m_LocalPosition: {x: -0.10821365, y: -0.0029225159, z: -0.032131538}
  m_LocalScale: {x: 0.99999994, y: 0.99999994, z: 1}
  m_ConstrainProportionsScale: 0
  m_Children:
  - {fileID: 5805181541628975785}
  m_Father: {fileID: 7287060300072768050}
  m_RootOrder: 1
  m_LocalEulerAnglesHint: {x: 0, y: 0, z: 0}
--- !u!1 &8444016753053932578
GameObject:
  m_ObjectHideFlags: 0
  m_CorrespondingSourceObject: {fileID: 0}
  m_PrefabInstance: {fileID: 0}
  m_PrefabAsset: {fileID: 0}
  serializedVersion: 6
  m_Component:
  - component: {fileID: 5139868342314151928}
  m_Layer: 0
  m_Name: R_Boob
  m_TagString: Untagged
  m_Icon: {fileID: 0}
  m_NavMeshLayer: 0
  m_StaticEditorFlags: 0
  m_IsActive: 1
--- !u!4 &5139868342314151928
Transform:
  m_ObjectHideFlags: 0
  m_CorrespondingSourceObject: {fileID: 0}
  m_PrefabInstance: {fileID: 0}
  m_PrefabAsset: {fileID: 0}
  m_GameObject: {fileID: 8444016753053932578}
  m_LocalRotation: {x: 0.7138591, y: -0.6663176, z: 0.17079139, w: 0.13136408}
  m_LocalPosition: {x: -0.06657829, y: 0.0611388, z: -0.06443742}
  m_LocalScale: {x: 1, y: 0.9999999, z: 1.0000004}
  m_ConstrainProportionsScale: 0
  m_Children: []
  m_Father: {fileID: 2763552266591533906}
  m_RootOrder: 4
  m_LocalEulerAnglesHint: {x: 0, y: 0, z: 0}
--- !u!1 &8664191129695551853
GameObject:
  m_ObjectHideFlags: 0
  m_CorrespondingSourceObject: {fileID: 0}
  m_PrefabInstance: {fileID: 0}
  m_PrefabAsset: {fileID: 0}
  serializedVersion: 6
  m_Component:
  - component: {fileID: 4607788874209266278}
  m_Layer: 0
  m_Name: Weapon_L
  m_TagString: Untagged
  m_Icon: {fileID: 0}
  m_NavMeshLayer: 0
  m_StaticEditorFlags: 0
  m_IsActive: 1
--- !u!4 &4607788874209266278
Transform:
  m_ObjectHideFlags: 0
  m_CorrespondingSourceObject: {fileID: 0}
  m_PrefabInstance: {fileID: 0}
  m_PrefabAsset: {fileID: 0}
  m_GameObject: {fileID: 8664191129695551853}
  m_LocalRotation: {x: -0.4780963, y: -0.521888, z: 0.5284474, w: 0.46882844}
  m_LocalPosition: {x: -0.07674522, y: 0.019763488, z: -0.028639907}
  m_LocalScale: {x: 1.0000001, y: 1, z: 0.9999999}
  m_ConstrainProportionsScale: 0
  m_Children: []
  m_Father: {fileID: 7287060300072768050}
  m_RootOrder: 3
  m_LocalEulerAnglesHint: {x: 0, y: 0, z: 0}
--- !u!1 &8666815708457473220
GameObject:
  m_ObjectHideFlags: 0
  m_CorrespondingSourceObject: {fileID: 0}
  m_PrefabInstance: {fileID: 0}
  m_PrefabAsset: {fileID: 0}
  serializedVersion: 6
  m_Component:
  - component: {fileID: 382456010360359385}
  m_Layer: 0
  m_Name: L_Boob
  m_TagString: Untagged
  m_Icon: {fileID: 0}
  m_NavMeshLayer: 0
  m_StaticEditorFlags: 0
  m_IsActive: 1
--- !u!4 &382456010360359385
Transform:
  m_ObjectHideFlags: 0
  m_CorrespondingSourceObject: {fileID: 0}
  m_PrefabInstance: {fileID: 0}
  m_PrefabAsset: {fileID: 0}
  m_GameObject: {fileID: 8666815708457473220}
  m_LocalRotation: {x: 0.14835033, y: 0.20072629, z: -0.66404456, w: 0.7048021}
  m_LocalPosition: {x: -0.0665786, y: 0.061138686, z: 0.06444024}
  m_LocalScale: {x: 1, y: 1.0000004, z: 1.000001}
  m_ConstrainProportionsScale: 0
  m_Children: []
  m_Father: {fileID: 2763552266591533906}
  m_RootOrder: 3
  m_LocalEulerAnglesHint: {x: 0, y: 0, z: 0}
--- !u!1 &8802382393770907405
GameObject:
  m_ObjectHideFlags: 0
  m_CorrespondingSourceObject: {fileID: 0}
  m_PrefabInstance: {fileID: 0}
  m_PrefabAsset: {fileID: 0}
  serializedVersion: 6
  m_Component:
  - component: {fileID: 7633739405608466522}
  m_Layer: 0
  m_Name: Bip001 R Finger0Nub
  m_TagString: Untagged
  m_Icon: {fileID: 0}
  m_NavMeshLayer: 0
  m_StaticEditorFlags: 0
  m_IsActive: 1
--- !u!4 &7633739405608466522
Transform:
  m_ObjectHideFlags: 0
  m_CorrespondingSourceObject: {fileID: 0}
  m_PrefabInstance: {fileID: 0}
  m_PrefabAsset: {fileID: 0}
  m_GameObject: {fileID: 8802382393770907405}
  m_LocalRotation: {x: -3.330669e-16, y: -0.000000022351742, z: 1, w: 0.000000014901161}
  m_LocalPosition: {x: -0.045908812, y: 0, z: -0.000000038146972}
  m_LocalScale: {x: -1, y: -1, z: -1}
  m_ConstrainProportionsScale: 0
  m_Children: []
  m_Father: {fileID: 4846627830829817558}
  m_RootOrder: 0
  m_LocalEulerAnglesHint: {x: 0, y: 0, z: 0}
--- !u!1 &8846188582177807807
GameObject:
  m_ObjectHideFlags: 0
  m_CorrespondingSourceObject: {fileID: 0}
  m_PrefabInstance: {fileID: 0}
  m_PrefabAsset: {fileID: 0}
  serializedVersion: 6
  m_Component:
  - component: {fileID: 3635878049433709448}
  m_Layer: 0
  m_Name: Bip001 Neck
  m_TagString: Untagged
  m_Icon: {fileID: 0}
  m_NavMeshLayer: 0
  m_StaticEditorFlags: 0
  m_IsActive: 1
--- !u!4 &3635878049433709448
Transform:
  m_ObjectHideFlags: 0
  m_CorrespondingSourceObject: {fileID: 0}
  m_PrefabInstance: {fileID: 0}
  m_PrefabAsset: {fileID: 0}
  m_GameObject: {fileID: 8846188582177807807}
  m_LocalRotation: {x: 3.121706e-14, y: 0.0000003987472, z: -0.1437652, w: 0.9896118}
  m_LocalPosition: {x: -0.24014899, y: -0.012443199, z: -0.000000019871987}
  m_LocalScale: {x: 0.9999999, y: 0.99999994, z: 0.99999994}
  m_ConstrainProportionsScale: 0
  m_Children:
  - {fileID: 8186812988916622562}
  m_Father: {fileID: 2763552266591533906}
  m_RootOrder: 1
  m_LocalEulerAnglesHint: {x: 0, y: 0, z: 0}
--- !u!1 &9004239358600484903
GameObject:
  m_ObjectHideFlags: 0
  m_CorrespondingSourceObject: {fileID: 0}
  m_PrefabInstance: {fileID: 0}
  m_PrefabAsset: {fileID: 0}
  serializedVersion: 6
  m_Component:
  - component: {fileID: 2763552266591533906}
  m_Layer: 0
  m_Name: Bip001 Spine1
  m_TagString: Untagged
  m_Icon: {fileID: 0}
  m_NavMeshLayer: 0
  m_StaticEditorFlags: 0
  m_IsActive: 1
--- !u!4 &2763552266591533906
Transform:
  m_ObjectHideFlags: 0
  m_CorrespondingSourceObject: {fileID: 0}
  m_PrefabInstance: {fileID: 0}
  m_PrefabAsset: {fileID: 0}
  m_GameObject: {fileID: 9004239358600484903}
  m_LocalRotation: {x: -8.350406e-14, y: -0.00000019420887, z: 0.0700205, w: 0.99754554}
  m_LocalPosition: {x: -0.14699692, y: -0.00017783165, z: -4.9323035e-10}
  m_LocalScale: {x: 1, y: 1, z: 1}
  m_ConstrainProportionsScale: 0
  m_Children:
  - {fileID: 1437913305877887803}
  - {fileID: 3635878049433709448}
  - {fileID: 9183861914758779105}
  - {fileID: 382456010360359385}
  - {fileID: 5139868342314151928}
  m_Father: {fileID: 573487654447550542}
  m_RootOrder: 0
  m_LocalEulerAnglesHint: {x: 0, y: 0, z: 0}
--- !u!1 &9028289789142327352
GameObject:
  m_ObjectHideFlags: 0
  m_CorrespondingSourceObject: {fileID: 0}
  m_PrefabInstance: {fileID: 0}
  m_PrefabAsset: {fileID: 0}
  serializedVersion: 6
  m_Component:
  - component: {fileID: 4370212635542821679}
  m_Layer: 0
  m_Name: Bip001 L Forearm
  m_TagString: Untagged
  m_Icon: {fileID: 0}
  m_NavMeshLayer: 0
  m_StaticEditorFlags: 0
  m_IsActive: 1
--- !u!4 &4370212635542821679
Transform:
  m_ObjectHideFlags: 0
  m_CorrespondingSourceObject: {fileID: 0}
  m_PrefabInstance: {fileID: 0}
  m_PrefabAsset: {fileID: 0}
  m_GameObject: {fileID: 9028289789142327352}
  m_LocalRotation: {x: -0.000000021403533, y: -0.000000006441196, z: 0.28817427, w: 0.957578}
  m_LocalPosition: {x: -0.28461623, y: -0.00000000834465, z: 0}
  m_LocalScale: {x: 1.0000001, y: 1.0000001, z: 1.0000001}
  m_ConstrainProportionsScale: 0
  m_Children:
  - {fileID: 7287060300072768050}
  m_Father: {fileID: 1294724209003003406}
  m_RootOrder: 0
  m_LocalEulerAnglesHint: {x: 0, y: 0, z: 0}
--- !u!1001 &3189104591206489789
PrefabInstance:
  m_ObjectHideFlags: 0
  serializedVersion: 2
  m_Modification:
    m_TransformParent: {fileID: 0}
    m_Modifications:
    - target: {fileID: -3433484430313442595, guid: 8a28930941fd8ac48af018ec5d9e4354, type: 3}
      propertyPath: _death.Array.size
      value: 4
      objectReference: {fileID: 0}
    - target: {fileID: -3433484430313442595, guid: 8a28930941fd8ac48af018ec5d9e4354, type: 3}
      propertyPath: _dodge.Array.size
      value: 0
      objectReference: {fileID: 0}
    - target: {fileID: -3433484430313442595, guid: 8a28930941fd8ac48af018ec5d9e4354, type: 3}
      propertyPath: _damage.Array.size
      value: 0
      objectReference: {fileID: 0}
    - target: {fileID: -3433484430313442595, guid: 8a28930941fd8ac48af018ec5d9e4354, type: 3}
      propertyPath: _death.Array.data[0]
      value: 
      objectReference: {fileID: 8300000, guid: b0c71c284eb958f4ebae3f364b897843, type: 3}
    - target: {fileID: -3433484430313442595, guid: 8a28930941fd8ac48af018ec5d9e4354, type: 3}
      propertyPath: _death.Array.data[1]
      value: 
      objectReference: {fileID: 8300000, guid: 50ed917022b6b724eb7edb4875db3115, type: 3}
    - target: {fileID: -3433484430313442595, guid: 8a28930941fd8ac48af018ec5d9e4354, type: 3}
      propertyPath: _death.Array.data[2]
      value: 
      objectReference: {fileID: 8300000, guid: 004d3aae24ded6347b0da7c5e0afefb6, type: 3}
    - target: {fileID: -3433484430313442595, guid: 8a28930941fd8ac48af018ec5d9e4354, type: 3}
      propertyPath: _death.Array.data[3]
      value: 
      objectReference: {fileID: 8300000, guid: ffca7e85876c7c94eac9eec834a75f93, type: 3}
    - target: {fileID: -3433484430313442595, guid: 8a28930941fd8ac48af018ec5d9e4354, type: 3}
      propertyPath: _footStep.Array.size
      value: 4
      objectReference: {fileID: 0}
    - target: {fileID: -3433484430313442595, guid: 8a28930941fd8ac48af018ec5d9e4354, type: 3}
      propertyPath: _footStep.Array.data[0]
      value: 
      objectReference: {fileID: 8300000, guid: 0b211189050eabe42863d954bd2804ef, type: 3}
    - target: {fileID: -3433484430313442595, guid: 8a28930941fd8ac48af018ec5d9e4354, type: 3}
      propertyPath: _footStep.Array.data[1]
      value: 
      objectReference: {fileID: 8300000, guid: 5b5aa3dee5e09b54f9ff5427b0410241, type: 3}
    - target: {fileID: -3433484430313442595, guid: 8a28930941fd8ac48af018ec5d9e4354, type: 3}
      propertyPath: _footStep.Array.data[2]
      value: 
      objectReference: {fileID: 8300000, guid: dafd397cea4ae0748a85fb03a0b58413, type: 3}
    - target: {fileID: -3433484430313442595, guid: 8a28930941fd8ac48af018ec5d9e4354, type: 3}
      propertyPath: _footStep.Array.data[3]
      value: 
      objectReference: {fileID: 8300000, guid: 435bc0493398be84eaa14c86d7efb42b, type: 3}
    - target: {fileID: -3433484430313442595, guid: 8a28930941fd8ac48af018ec5d9e4354, type: 3}
      propertyPath: _meleeAttack.Array.size
      value: 0
      objectReference: {fileID: 0}
    - target: {fileID: 1643428348181855591, guid: 8a28930941fd8ac48af018ec5d9e4354, type: 3}
      propertyPath: m_RootOrder
      value: 0
      objectReference: {fileID: 0}
    - target: {fileID: 1643428348181855591, guid: 8a28930941fd8ac48af018ec5d9e4354, type: 3}
      propertyPath: m_LocalScale.x
      value: 1.15
      objectReference: {fileID: 0}
    - target: {fileID: 1643428348181855591, guid: 8a28930941fd8ac48af018ec5d9e4354, type: 3}
      propertyPath: m_LocalScale.y
      value: 1.15
      objectReference: {fileID: 0}
    - target: {fileID: 1643428348181855591, guid: 8a28930941fd8ac48af018ec5d9e4354, type: 3}
      propertyPath: m_LocalScale.z
      value: 1.15
      objectReference: {fileID: 0}
    - target: {fileID: 1643428348181855591, guid: 8a28930941fd8ac48af018ec5d9e4354, type: 3}
      propertyPath: m_LocalPosition.x
      value: 0
      objectReference: {fileID: 0}
    - target: {fileID: 1643428348181855591, guid: 8a28930941fd8ac48af018ec5d9e4354, type: 3}
      propertyPath: m_LocalPosition.y
      value: 0
      objectReference: {fileID: 0}
    - target: {fileID: 1643428348181855591, guid: 8a28930941fd8ac48af018ec5d9e4354, type: 3}
      propertyPath: m_LocalPosition.z
      value: 0
      objectReference: {fileID: 0}
    - target: {fileID: 1643428348181855591, guid: 8a28930941fd8ac48af018ec5d9e4354, type: 3}
      propertyPath: m_LocalRotation.w
      value: 1
      objectReference: {fileID: 0}
    - target: {fileID: 1643428348181855591, guid: 8a28930941fd8ac48af018ec5d9e4354, type: 3}
      propertyPath: m_LocalRotation.x
      value: 0
      objectReference: {fileID: 0}
    - target: {fileID: 1643428348181855591, guid: 8a28930941fd8ac48af018ec5d9e4354, type: 3}
      propertyPath: m_LocalRotation.y
      value: 0
      objectReference: {fileID: 0}
    - target: {fileID: 1643428348181855591, guid: 8a28930941fd8ac48af018ec5d9e4354, type: 3}
      propertyPath: m_LocalRotation.z
      value: 0
      objectReference: {fileID: 0}
    - target: {fileID: 1643428348181855591, guid: 8a28930941fd8ac48af018ec5d9e4354, type: 3}
      propertyPath: m_LocalEulerAnglesHint.x
      value: 0
      objectReference: {fileID: 0}
    - target: {fileID: 1643428348181855591, guid: 8a28930941fd8ac48af018ec5d9e4354, type: 3}
      propertyPath: m_LocalEulerAnglesHint.y
      value: 0
      objectReference: {fileID: 0}
    - target: {fileID: 1643428348181855591, guid: 8a28930941fd8ac48af018ec5d9e4354, type: 3}
      propertyPath: m_LocalEulerAnglesHint.z
      value: 0
      objectReference: {fileID: 0}
    - target: {fileID: 1643428348181855591, guid: 8a28930941fd8ac48af018ec5d9e4354, type: 3}
      propertyPath: m_ConstrainProportionsScale
      value: 1
      objectReference: {fileID: 0}
    - target: {fileID: 1675660452449595927, guid: 8a28930941fd8ac48af018ec5d9e4354, type: 3}
      propertyPath: m_RootOrder
      value: 5
      objectReference: {fileID: 0}
    - target: {fileID: 1758694331846380385, guid: 8a28930941fd8ac48af018ec5d9e4354, type: 3}
      propertyPath: _unitName
      value: 
      objectReference: {fileID: 2286832245870850360}
    - target: {fileID: 1758694331846380385, guid: 8a28930941fd8ac48af018ec5d9e4354, type: 3}
      propertyPath: _healthBar
      value: 
      objectReference: {fileID: 4544001880754102012}
    - target: {fileID: 1758694331846380385, guid: 8a28930941fd8ac48af018ec5d9e4354, type: 3}
      propertyPath: _nameColors
      value: 
      objectReference: {fileID: 6650109244097643978}
    - target: {fileID: 1758694331846380385, guid: 8a28930941fd8ac48af018ec5d9e4354, type: 3}
      propertyPath: _weaponView
      value: 
      objectReference: {fileID: 2546692939969033610}
    - target: {fileID: 1758694331846380385, guid: 8a28930941fd8ac48af018ec5d9e4354, type: 3}
      propertyPath: _barAutoFader
      value: 
      objectReference: {fileID: 5382220809148985165}
    - target: {fileID: 1758694331846380385, guid: 8a28930941fd8ac48af018ec5d9e4354, type: 3}
      propertyPath: _unitStateView
      value: 
      objectReference: {fileID: 807275413643043814}
    - target: {fileID: 1758694331846380385, guid: 8a28930941fd8ac48af018ec5d9e4354, type: 3}
      propertyPath: _unitNetworkComponents.Array.size
      value: 6
      objectReference: {fileID: 0}
    - target: {fileID: 1758694331846380385, guid: 8a28930941fd8ac48af018ec5d9e4354, type: 3}
      propertyPath: _unitNetworkComponents.Array.data[0]
      value: 
      objectReference: {fileID: 127642032675398734}
    - target: {fileID: 1758694331846380385, guid: 8a28930941fd8ac48af018ec5d9e4354, type: 3}
      propertyPath: _unitNetworkComponents.Array.data[1]
      value: 
      objectReference: {fileID: 8647191522299469150}
    - target: {fileID: 1758694331846380385, guid: 8a28930941fd8ac48af018ec5d9e4354, type: 3}
      propertyPath: _unitNetworkComponents.Array.data[2]
      value: 
      objectReference: {fileID: 8217816220431725876}
    - target: {fileID: 1758694331846380385, guid: 8a28930941fd8ac48af018ec5d9e4354, type: 3}
      propertyPath: _unitNetworkComponents.Array.data[3]
      value: 
      objectReference: {fileID: 7077999509609512564}
    - target: {fileID: 1758694331846380385, guid: 8a28930941fd8ac48af018ec5d9e4354, type: 3}
      propertyPath: _unitNetworkComponents.Array.data[4]
      value: 
      objectReference: {fileID: 2027189441367478180}
    - target: {fileID: 1758694331846380385, guid: 8a28930941fd8ac48af018ec5d9e4354, type: 3}
      propertyPath: _unitNetworkComponents.Array.data[5]
      value: 
      objectReference: {fileID: 8941942830456843360}
    - target: {fileID: 1906041514950655883, guid: 8a28930941fd8ac48af018ec5d9e4354, type: 3}
      propertyPath: m_LocalScale.x
      value: 0.6
      objectReference: {fileID: 0}
    - target: {fileID: 1906041514950655883, guid: 8a28930941fd8ac48af018ec5d9e4354, type: 3}
      propertyPath: m_LocalScale.y
      value: 0.6
      objectReference: {fileID: 0}
    - target: {fileID: 1906041514950655883, guid: 8a28930941fd8ac48af018ec5d9e4354, type: 3}
      propertyPath: m_LocalScale.z
      value: 0.6
      objectReference: {fileID: 0}
    - target: {fileID: 2127231522164434909, guid: 8a28930941fd8ac48af018ec5d9e4354, type: 3}
      propertyPath: m_Name
      value: HeroChloeBossView
      objectReference: {fileID: 0}
    - target: {fileID: 3279887690214456051, guid: 8a28930941fd8ac48af018ec5d9e4354, type: 3}
      propertyPath: _bloodExplosionEffect
      value: 
      objectReference: {fileID: 1974733054691543030, guid: d8b50e163e6f8284683f1bf159b5bffa, type: 3}
    - target: {fileID: 3838987445913830710, guid: 8a28930941fd8ac48af018ec5d9e4354, type: 3}
      propertyPath: m_Enabled
      value: 0
      objectReference: {fileID: 0}
    - target: {fileID: 4527917226926718782, guid: 8a28930941fd8ac48af018ec5d9e4354, type: 3}
      propertyPath: m_Name
      value: SM_HeroChloe
      objectReference: {fileID: 0}
    - target: {fileID: 4624789674245908253, guid: 8a28930941fd8ac48af018ec5d9e4354, type: 3}
      propertyPath: m_Avatar
      value: 
      objectReference: {fileID: 9000000, guid: e026177007dd2a24eb6317898263fd84, type: 3}
    - target: {fileID: 4624789674245908253, guid: 8a28930941fd8ac48af018ec5d9e4354, type: 3}
      propertyPath: m_Controller
      value: 
      objectReference: {fileID: 22100000, guid: 3eee8adbe85e04b7d875e2aba4d4e7d3, type: 2}
    - target: {fileID: 5655363033720414409, guid: 8a28930941fd8ac48af018ec5d9e4354, type: 3}
      propertyPath: _meshRenderer
      value: 
      objectReference: {fileID: 0}
    - target: {fileID: 6614325252564903723, guid: 8a28930941fd8ac48af018ec5d9e4354, type: 3}
      propertyPath: m_RootOrder
      value: 6
      objectReference: {fileID: 0}
    - target: {fileID: 6614325252564903723, guid: 8a28930941fd8ac48af018ec5d9e4354, type: 3}
      propertyPath: m_LocalPosition.y
      value: 0.0038550566
      objectReference: {fileID: 0}
    - target: {fileID: 6614325252564903723, guid: 8a28930941fd8ac48af018ec5d9e4354, type: 3}
      propertyPath: m_LocalRotation.w
      value: 0.7071068
      objectReference: {fileID: 0}
    - target: {fileID: 6614325252564903723, guid: 8a28930941fd8ac48af018ec5d9e4354, type: 3}
      propertyPath: m_LocalRotation.x
      value: -0.7071068
      objectReference: {fileID: 0}
    - target: {fileID: 6614325252564903723, guid: 8a28930941fd8ac48af018ec5d9e4354, type: 3}
      propertyPath: m_LocalRotation.y
      value: -0
      objectReference: {fileID: 0}
    - target: {fileID: 6614325252564903723, guid: 8a28930941fd8ac48af018ec5d9e4354, type: 3}
      propertyPath: m_LocalRotation.z
      value: -0
      objectReference: {fileID: 0}
    - target: {fileID: 7636060585191883243, guid: 8a28930941fd8ac48af018ec5d9e4354, type: 3}
      propertyPath: m_Mesh
      value: 
      objectReference: {fileID: -3469207969915445186, guid: e026177007dd2a24eb6317898263fd84, type: 3}
    - target: {fileID: 7636060585191883243, guid: 8a28930941fd8ac48af018ec5d9e4354, type: 3}
      propertyPath: m_RootBone
      value: 
      objectReference: {fileID: 7261227766836900777}
    - target: {fileID: 7636060585191883243, guid: 8a28930941fd8ac48af018ec5d9e4354, type: 3}
      propertyPath: m_AABB.m_Center.x
      value: 0.07596317
      objectReference: {fileID: 0}
    - target: {fileID: 7636060585191883243, guid: 8a28930941fd8ac48af018ec5d9e4354, type: 3}
      propertyPath: m_AABB.m_Center.y
      value: -0.036238864
      objectReference: {fileID: 0}
    - target: {fileID: 7636060585191883243, guid: 8a28930941fd8ac48af018ec5d9e4354, type: 3}
      propertyPath: m_AABB.m_Center.z
      value: 0.00000014901161
      objectReference: {fileID: 0}
    - target: {fileID: 7636060585191883243, guid: 8a28930941fd8ac48af018ec5d9e4354, type: 3}
      propertyPath: m_AABB.m_Extent.x
      value: 0.8797865
      objectReference: {fileID: 0}
    - target: {fileID: 7636060585191883243, guid: 8a28930941fd8ac48af018ec5d9e4354, type: 3}
      propertyPath: m_AABB.m_Extent.y
      value: 0.26611024
      objectReference: {fileID: 0}
    - target: {fileID: 7636060585191883243, guid: 8a28930941fd8ac48af018ec5d9e4354, type: 3}
      propertyPath: m_AABB.m_Extent.z
      value: 0.52531314
      objectReference: {fileID: 0}
    - target: {fileID: 7636060585191883243, guid: 8a28930941fd8ac48af018ec5d9e4354, type: 3}
      propertyPath: m_Bones.Array.size
      value: 35
      objectReference: {fileID: 0}
    - target: {fileID: 7636060585191883243, guid: 8a28930941fd8ac48af018ec5d9e4354, type: 3}
      propertyPath: m_Bones.Array.data[0]
      value: 
      objectReference: {fileID: 7261227766836900777}
    - target: {fileID: 7636060585191883243, guid: 8a28930941fd8ac48af018ec5d9e4354, type: 3}
      propertyPath: m_Bones.Array.data[1]
      value: 
      objectReference: {fileID: 6621761425959503448}
    - target: {fileID: 7636060585191883243, guid: 8a28930941fd8ac48af018ec5d9e4354, type: 3}
      propertyPath: m_Bones.Array.data[2]
      value: 
      objectReference: {fileID: 573487654447550542}
    - target: {fileID: 7636060585191883243, guid: 8a28930941fd8ac48af018ec5d9e4354, type: 3}
      propertyPath: m_Bones.Array.data[3]
      value: 
      objectReference: {fileID: 548540938230256822}
    - target: {fileID: 7636060585191883243, guid: 8a28930941fd8ac48af018ec5d9e4354, type: 3}
      propertyPath: m_Bones.Array.data[4]
      value: 
      objectReference: {fileID: 1379985630336455559}
    - target: {fileID: 7636060585191883243, guid: 8a28930941fd8ac48af018ec5d9e4354, type: 3}
      propertyPath: m_Bones.Array.data[5]
      value: 
      objectReference: {fileID: 1006859052604915150}
    - target: {fileID: 7636060585191883243, guid: 8a28930941fd8ac48af018ec5d9e4354, type: 3}
      propertyPath: m_Bones.Array.data[6]
      value: 
      objectReference: {fileID: 2450734025092474820}
    - target: {fileID: 7636060585191883243, guid: 8a28930941fd8ac48af018ec5d9e4354, type: 3}
      propertyPath: m_Bones.Array.data[7]
      value: 
      objectReference: {fileID: 2763552266591533906}
    - target: {fileID: 7636060585191883243, guid: 8a28930941fd8ac48af018ec5d9e4354, type: 3}
      propertyPath: m_Bones.Array.data[8]
      value: 
      objectReference: {fileID: 8304012462394914301}
    - target: {fileID: 7636060585191883243, guid: 8a28930941fd8ac48af018ec5d9e4354, type: 3}
      propertyPath: m_Bones.Array.data[9]
      value: 
      objectReference: {fileID: 9183861914758779105}
    - target: {fileID: 7636060585191883243, guid: 8a28930941fd8ac48af018ec5d9e4354, type: 3}
      propertyPath: m_Bones.Array.data[10]
      value: 
      objectReference: {fileID: 5139868342314151928}
    - target: {fileID: 7636060585191883243, guid: 8a28930941fd8ac48af018ec5d9e4354, type: 3}
      propertyPath: m_Bones.Array.data[11]
      value: 
      objectReference: {fileID: 3635878049433709448}
    - target: {fileID: 7636060585191883243, guid: 8a28930941fd8ac48af018ec5d9e4354, type: 3}
      propertyPath: m_Bones.Array.data[12]
      value: 
      objectReference: {fileID: 382456010360359385}
    - target: {fileID: 7636060585191883243, guid: 8a28930941fd8ac48af018ec5d9e4354, type: 3}
      propertyPath: m_Bones.Array.data[13]
      value: 
      objectReference: {fileID: 1294724209003003406}
    - target: {fileID: 7636060585191883243, guid: 8a28930941fd8ac48af018ec5d9e4354, type: 3}
      propertyPath: m_Bones.Array.data[14]
      value: 
      objectReference: {fileID: 8186812988916622562}
    - target: {fileID: 7636060585191883243, guid: 8a28930941fd8ac48af018ec5d9e4354, type: 3}
      propertyPath: m_Bones.Array.data[15]
      value: 
      objectReference: {fileID: 1671969845307636091}
    - target: {fileID: 7636060585191883243, guid: 8a28930941fd8ac48af018ec5d9e4354, type: 3}
      propertyPath: m_Bones.Array.data[16]
      value: 
      objectReference: {fileID: 5758323720168365945}
    - target: {fileID: 7636060585191883243, guid: 8a28930941fd8ac48af018ec5d9e4354, type: 3}
      propertyPath: m_Bones.Array.data[17]
      value: 
      objectReference: {fileID: 1405407210859626692}
    - target: {fileID: 7636060585191883243, guid: 8a28930941fd8ac48af018ec5d9e4354, type: 3}
      propertyPath: m_Bones.Array.data[18]
      value: 
      objectReference: {fileID: 4846627830829817558}
    - target: {fileID: 7636060585191883243, guid: 8a28930941fd8ac48af018ec5d9e4354, type: 3}
      propertyPath: m_Bones.Array.data[19]
      value: 
      objectReference: {fileID: 1706386272266031844}
    - target: {fileID: 7636060585191883243, guid: 8a28930941fd8ac48af018ec5d9e4354, type: 3}
      propertyPath: m_Bones.Array.data[20]
      value: 
      objectReference: {fileID: 8962370407618164666}
    - target: {fileID: 7636060585191883243, guid: 8a28930941fd8ac48af018ec5d9e4354, type: 3}
      propertyPath: m_Bones.Array.data[21]
      value: 
      objectReference: {fileID: 2058456455890872824}
    - target: {fileID: 7636060585191883243, guid: 8a28930941fd8ac48af018ec5d9e4354, type: 3}
      propertyPath: m_Bones.Array.data[22]
      value: 
      objectReference: {fileID: 3822399814129765626}
    - target: {fileID: 7636060585191883243, guid: 8a28930941fd8ac48af018ec5d9e4354, type: 3}
      propertyPath: m_Bones.Array.data[23]
      value: 
      objectReference: {fileID: 7074176299825501577}
    - target: {fileID: 7636060585191883243, guid: 8a28930941fd8ac48af018ec5d9e4354, type: 3}
      propertyPath: m_Bones.Array.data[24]
      value: 
      objectReference: {fileID: 7757748607816249276}
    - target: {fileID: 7636060585191883243, guid: 8a28930941fd8ac48af018ec5d9e4354, type: 3}
      propertyPath: m_Bones.Array.data[25]
      value: 
      objectReference: {fileID: 2409845092894326549}
    - target: {fileID: 7636060585191883243, guid: 8a28930941fd8ac48af018ec5d9e4354, type: 3}
      propertyPath: m_Bones.Array.data[26]
      value: 
      objectReference: {fileID: 1437913305877887803}
    - target: {fileID: 7636060585191883243, guid: 8a28930941fd8ac48af018ec5d9e4354, type: 3}
      propertyPath: m_Bones.Array.data[27]
      value: 
      objectReference: {fileID: 4370212635542821679}
    - target: {fileID: 7636060585191883243, guid: 8a28930941fd8ac48af018ec5d9e4354, type: 3}
      propertyPath: m_Bones.Array.data[28]
      value: 
      objectReference: {fileID: 7287060300072768050}
    - target: {fileID: 7636060585191883243, guid: 8a28930941fd8ac48af018ec5d9e4354, type: 3}
      propertyPath: m_Bones.Array.data[29]
      value: 
      objectReference: {fileID: 8320966141675328751}
    - target: {fileID: 7636060585191883243, guid: 8a28930941fd8ac48af018ec5d9e4354, type: 3}
      propertyPath: m_Bones.Array.data[30]
      value: 
      objectReference: {fileID: 7674887326046751377}
    - target: {fileID: 7636060585191883243, guid: 8a28930941fd8ac48af018ec5d9e4354, type: 3}
      propertyPath: m_Bones.Array.data[31]
      value: 
      objectReference: {fileID: 5805181541628975785}
    - target: {fileID: 7636060585191883243, guid: 8a28930941fd8ac48af018ec5d9e4354, type: 3}
      propertyPath: m_Bones.Array.data[32]
      value: 
      objectReference: {fileID: 9172783458858632811}
    - target: {fileID: 7636060585191883243, guid: 8a28930941fd8ac48af018ec5d9e4354, type: 3}
      propertyPath: m_Bones.Array.data[33]
      value: 
      objectReference: {fileID: 821342271545423505}
    - target: {fileID: 7636060585191883243, guid: 8a28930941fd8ac48af018ec5d9e4354, type: 3}
      propertyPath: m_Bones.Array.data[34]
      value: 
      objectReference: {fileID: 616472264887200821}
    - target: {fileID: 7636060585191883243, guid: 8a28930941fd8ac48af018ec5d9e4354, type: 3}
      propertyPath: m_Materials.Array.data[0]
      value: 
      objectReference: {fileID: 2100000, guid: 77e121ea5d990cf4fa23d3e197dcbc49, type: 2}
    - target: {fileID: 7896478071700726422, guid: 8a28930941fd8ac48af018ec5d9e4354, type: 3}
      propertyPath: m_RootOrder
      value: 2
      objectReference: {fileID: 0}
    - target: {fileID: 7896478071700726422, guid: 8a28930941fd8ac48af018ec5d9e4354, type: 3}
      propertyPath: m_LocalPosition.y
      value: 1.9
      objectReference: {fileID: 0}
    - target: {fileID: 8766930999727037937, guid: 8a28930941fd8ac48af018ec5d9e4354, type: 3}
      propertyPath: _events.Array.size
      value: 3
      objectReference: {fileID: 0}
    - target: {fileID: 8766930999727037937, guid: 8a28930941fd8ac48af018ec5d9e4354, type: 3}
      propertyPath: _impacts.Array.size
      value: 1
      objectReference: {fileID: 0}
    - target: {fileID: 8766930999727037937, guid: 8a28930941fd8ac48af018ec5d9e4354, type: 3}
      propertyPath: _events.Array.data[0]._type
      value: 2
      objectReference: {fileID: 0}
    - target: {fileID: 8766930999727037937, guid: 8a28930941fd8ac48af018ec5d9e4354, type: 3}
      propertyPath: _events.Array.data[1]._type
      value: 2
      objectReference: {fileID: 0}
    - target: {fileID: 8766930999727037937, guid: 8a28930941fd8ac48af018ec5d9e4354, type: 3}
      propertyPath: _events.Array.data[2]._type
      value: 3
      objectReference: {fileID: 0}
    - target: {fileID: 8766930999727037937, guid: 8a28930941fd8ac48af018ec5d9e4354, type: 3}
      propertyPath: _events.Array.data[0]._effectId
      value: effect_trap
      objectReference: {fileID: 0}
    - target: {fileID: 8766930999727037937, guid: 8a28930941fd8ac48af018ec5d9e4354, type: 3}
      propertyPath: _events.Array.data[1]._effectId
      value: effect_trap
      objectReference: {fileID: 0}
    - target: {fileID: 8766930999727037937, guid: 8a28930941fd8ac48af018ec5d9e4354, type: 3}
      propertyPath: _events.Array.data[2]._effectId
      value: effect_trap
      objectReference: {fileID: 0}
    - target: {fileID: 8766930999727037937, guid: 8a28930941fd8ac48af018ec5d9e4354, type: 3}
      propertyPath: _impacts.Array.data[0]._impactId
      value: hero_bot_boss_chloe_ultimate
      objectReference: {fileID: 0}
    - target: {fileID: 8766930999727037937, guid: 8a28930941fd8ac48af018ec5d9e4354, type: 3}
      propertyPath: _events.Array.data[0]._objectData._type
      value: 1
      objectReference: {fileID: 0}
    - target: {fileID: 8766930999727037937, guid: 8a28930941fd8ac48af018ec5d9e4354, type: 3}
      propertyPath: _events.Array.data[1]._actionData._type
      value: 2
      objectReference: {fileID: 0}
    - target: {fileID: 8766930999727037937, guid: 8a28930941fd8ac48af018ec5d9e4354, type: 3}
      propertyPath: _events.Array.data[1]._objectData._type
      value: 1
      objectReference: {fileID: 0}
    - target: {fileID: 8766930999727037937, guid: 8a28930941fd8ac48af018ec5d9e4354, type: 3}
      propertyPath: _events.Array.data[2]._objectData._type
      value: 1
      objectReference: {fileID: 0}
    - target: {fileID: 8766930999727037937, guid: 8a28930941fd8ac48af018ec5d9e4354, type: 3}
      propertyPath: _events.Array.data[0]._objectData._prefab
      value: 
      objectReference: {fileID: 2739240092980601209, guid: 6e07d12eaf8e74010bd2a58e705c6aae, type: 3}
    - target: {fileID: 8766930999727037937, guid: 8a28930941fd8ac48af018ec5d9e4354, type: 3}
      propertyPath: _events.Array.data[0]._positionData._type
      value: 2
      objectReference: {fileID: 0}
    - target: {fileID: 8766930999727037937, guid: 8a28930941fd8ac48af018ec5d9e4354, type: 3}
      propertyPath: _events.Array.data[1]._objectData._prefab
      value: 
      objectReference: {fileID: 3737619500044561980, guid: 2abc553c65d9e6c498f53cc91bc36fc5, type: 3}
    - target: {fileID: 8766930999727037937, guid: 8a28930941fd8ac48af018ec5d9e4354, type: 3}
      propertyPath: _events.Array.data[1]._positionData._type
      value: 1
      objectReference: {fileID: 0}
    - target: {fileID: 8766930999727037937, guid: 8a28930941fd8ac48af018ec5d9e4354, type: 3}
      propertyPath: _events.Array.data[2]._objectData._prefab
      value: 
      objectReference: {fileID: 100004, guid: f5e28a0412a9e4a2587dcf34dfe3f42f, type: 3}
    - target: {fileID: 8766930999727037937, guid: 8a28930941fd8ac48af018ec5d9e4354, type: 3}
      propertyPath: _events.Array.data[2]._positionData._type
      value: 2
      objectReference: {fileID: 0}
    - target: {fileID: 8766930999727037937, guid: 8a28930941fd8ac48af018ec5d9e4354, type: 3}
      propertyPath: _impacts.Array.data[0]._events.Array.size
      value: 3
      objectReference: {fileID: 0}
    - target: {fileID: 8766930999727037937, guid: 8a28930941fd8ac48af018ec5d9e4354, type: 3}
      propertyPath: _impacts.Array.data[0]._events.Array.data[0]._type
      value: 2
      objectReference: {fileID: 0}
    - target: {fileID: 8766930999727037937, guid: 8a28930941fd8ac48af018ec5d9e4354, type: 3}
      propertyPath: _impacts.Array.data[0]._events.Array.data[1]._type
      value: 2
      objectReference: {fileID: 0}
    - target: {fileID: 8766930999727037937, guid: 8a28930941fd8ac48af018ec5d9e4354, type: 3}
      propertyPath: _impacts.Array.data[0]._events.Array.data[2]._type
      value: 3
      objectReference: {fileID: 0}
    - target: {fileID: 8766930999727037937, guid: 8a28930941fd8ac48af018ec5d9e4354, type: 3}
      propertyPath: _impacts.Array.data[0]._events.Array.data[0]._effectId
      value: effect_trap
      objectReference: {fileID: 0}
    - target: {fileID: 8766930999727037937, guid: 8a28930941fd8ac48af018ec5d9e4354, type: 3}
      propertyPath: _impacts.Array.data[0]._events.Array.data[1]._effectId
      value: effect_trap
      objectReference: {fileID: 0}
    - target: {fileID: 8766930999727037937, guid: 8a28930941fd8ac48af018ec5d9e4354, type: 3}
      propertyPath: _impacts.Array.data[0]._events.Array.data[2]._effectId
      value: effect_trap
      objectReference: {fileID: 0}
    - target: {fileID: 8766930999727037937, guid: 8a28930941fd8ac48af018ec5d9e4354, type: 3}
      propertyPath: _events.Array.data[0]._actionData._executeInterfaceMethod
      value: 1
      objectReference: {fileID: 0}
    - target: {fileID: 8766930999727037937, guid: 8a28930941fd8ac48af018ec5d9e4354, type: 3}
      propertyPath: _events.Array.data[1]._actionData._executeInterfaceMethod
      value: 1
      objectReference: {fileID: 0}
    - target: {fileID: 8766930999727037937, guid: 8a28930941fd8ac48af018ec5d9e4354, type: 3}
      propertyPath: _impacts.Array.data[0]._events.Array.data[0]._objectData._type
      value: 1
      objectReference: {fileID: 0}
    - target: {fileID: 8766930999727037937, guid: 8a28930941fd8ac48af018ec5d9e4354, type: 3}
      propertyPath: _impacts.Array.data[0]._events.Array.data[1]._actionData._type
      value: 2
      objectReference: {fileID: 0}
    - target: {fileID: 8766930999727037937, guid: 8a28930941fd8ac48af018ec5d9e4354, type: 3}
      propertyPath: _impacts.Array.data[0]._events.Array.data[1]._objectData._type
      value: 1
      objectReference: {fileID: 0}
    - target: {fileID: 8766930999727037937, guid: 8a28930941fd8ac48af018ec5d9e4354, type: 3}
      propertyPath: _impacts.Array.data[0]._events.Array.data[2]._objectData._type
      value: 1
      objectReference: {fileID: 0}
    - target: {fileID: 8766930999727037937, guid: 8a28930941fd8ac48af018ec5d9e4354, type: 3}
      propertyPath: _impacts.Array.data[0]._events.Array.data[0]._objectData._prefab
      value: 
      objectReference: {fileID: 2739240092980601209, guid: 6e07d12eaf8e74010bd2a58e705c6aae, type: 3}
    - target: {fileID: 8766930999727037937, guid: 8a28930941fd8ac48af018ec5d9e4354, type: 3}
      propertyPath: _impacts.Array.data[0]._events.Array.data[0]._positionData._type
      value: 2
      objectReference: {fileID: 0}
    - target: {fileID: 8766930999727037937, guid: 8a28930941fd8ac48af018ec5d9e4354, type: 3}
      propertyPath: _impacts.Array.data[0]._events.Array.data[1]._objectData._prefab
      value: 
      objectReference: {fileID: 3737619500044561980, guid: 2abc553c65d9e6c498f53cc91bc36fc5, type: 3}
    - target: {fileID: 8766930999727037937, guid: 8a28930941fd8ac48af018ec5d9e4354, type: 3}
      propertyPath: _impacts.Array.data[0]._events.Array.data[1]._positionData._type
      value: 1
      objectReference: {fileID: 0}
    - target: {fileID: 8766930999727037937, guid: 8a28930941fd8ac48af018ec5d9e4354, type: 3}
      propertyPath: _impacts.Array.data[0]._events.Array.data[2]._objectData._prefab
      value: 
      objectReference: {fileID: 100004, guid: f5e28a0412a9e4a2587dcf34dfe3f42f, type: 3}
    - target: {fileID: 8766930999727037937, guid: 8a28930941fd8ac48af018ec5d9e4354, type: 3}
      propertyPath: _impacts.Array.data[0]._events.Array.data[2]._positionData._type
      value: 2
      objectReference: {fileID: 0}
    - target: {fileID: 8766930999727037937, guid: 8a28930941fd8ac48af018ec5d9e4354, type: 3}
      propertyPath: _impacts.Array.data[0]._events.Array.data[0]._actionData._executeInterfaceMethod
      value: 1
      objectReference: {fileID: 0}
    - target: {fileID: 8766930999727037937, guid: 8a28930941fd8ac48af018ec5d9e4354, type: 3}
      propertyPath: _impacts.Array.data[0]._events.Array.data[1]._actionData._executeInterfaceMethod
      value: 1
      objectReference: {fileID: 0}
    m_RemovedComponents:
    - {fileID: 3838987445913830710, guid: 8a28930941fd8ac48af018ec5d9e4354, type: 3}
  m_SourcePrefab: {fileID: 100100000, guid: 8a28930941fd8ac48af018ec5d9e4354, type: 3}
--- !u!114 &127642032675398734 stripped
MonoBehaviour:
  m_CorrespondingSourceObject: {fileID: 3279887690214456051, guid: 8a28930941fd8ac48af018ec5d9e4354, type: 3}
  m_PrefabInstance: {fileID: 3189104591206489789}
  m_PrefabAsset: {fileID: 0}
  m_GameObject: {fileID: 3586141244351445344}
  m_Enabled: 1
  m_EditorHideFlags: 0
  m_Script: {fileID: 11500000, guid: 51eb85ef704e642358709f7c8c177e41, type: 3}
  m_Name: 
  m_EditorClassIdentifier: 
--- !u!114 &2027189441367478180 stripped
MonoBehaviour:
  m_CorrespondingSourceObject: {fileID: 3486911688686407961, guid: 8a28930941fd8ac48af018ec5d9e4354, type: 3}
  m_PrefabInstance: {fileID: 3189104591206489789}
  m_PrefabAsset: {fileID: 0}
  m_GameObject: {fileID: 3586141244351445344}
  m_Enabled: 1
  m_EditorHideFlags: 0
  m_Script: {fileID: 11500000, guid: b08e13686531fa64ba13f3c95f2149b3, type: 3}
  m_Name: 
  m_EditorClassIdentifier: 
--- !u!1 &3586141244351445344 stripped
GameObject:
  m_CorrespondingSourceObject: {fileID: 2127231522164434909, guid: 8a28930941fd8ac48af018ec5d9e4354, type: 3}
  m_PrefabInstance: {fileID: 3189104591206489789}
  m_PrefabAsset: {fileID: 0}
--- !u!114 &8217816220431725876
MonoBehaviour:
  m_ObjectHideFlags: 0
  m_CorrespondingSourceObject: {fileID: 0}
  m_PrefabInstance: {fileID: 0}
  m_PrefabAsset: {fileID: 0}
  m_GameObject: {fileID: 3586141244351445344}
  m_Enabled: 1
  m_EditorHideFlags: 0
  m_Script: {fileID: 11500000, guid: 6e759efb7d314d858a3424366ea3ce3b, type: 3}
  m_Name: 
  m_EditorClassIdentifier: 
  _animator: {fileID: 7813591482932951456}
  _transform: {fileID: 4219689072370754522}
  _specialImpactAnimationName: 
  _specialImpactUpperAnimationName: 
  _weaponType: 0
--- !u!114 &8647191522299469150
MonoBehaviour:
  m_ObjectHideFlags: 0
  m_CorrespondingSourceObject: {fileID: 0}
  m_PrefabInstance: {fileID: 0}
  m_PrefabAsset: {fileID: 0}
  m_GameObject: {fileID: 3586141244351445344}
  m_Enabled: 1
  m_EditorHideFlags: 0
  m_Script: {fileID: 11500000, guid: 4d1928653c0e46ac99bf2c73531a88c8, type: 3}
  m_Name: 
  m_EditorClassIdentifier: 
  _animatedBone: {fileID: 2763552266591533906}
  _speed: 5
  _angleLimit: 30
--- !u!4 &4219689072370754522 stripped
Transform:
  m_CorrespondingSourceObject: {fileID: 1643428348181855591, guid: 8a28930941fd8ac48af018ec5d9e4354, type: 3}
  m_PrefabInstance: {fileID: 3189104591206489789}
  m_PrefabAsset: {fileID: 0}
--- !u!114 &7077999509609512564 stripped
MonoBehaviour:
  m_CorrespondingSourceObject: {fileID: 5655363033720414409, guid: 8a28930941fd8ac48af018ec5d9e4354, type: 3}
  m_PrefabInstance: {fileID: 3189104591206489789}
  m_PrefabAsset: {fileID: 0}
  m_GameObject: {fileID: 3586141244351445344}
  m_Enabled: 1
  m_EditorHideFlags: 0
  m_Script: {fileID: 11500000, guid: 5ec8b519c60342aa9ebee27683b2e7a2, type: 3}
  m_Name: 
  m_EditorClassIdentifier: 
--- !u!95 &7813591482932951456 stripped
Animator:
  m_CorrespondingSourceObject: {fileID: 4624789674245908253, guid: 8a28930941fd8ac48af018ec5d9e4354, type: 3}
  m_PrefabInstance: {fileID: 3189104591206489789}
  m_PrefabAsset: {fileID: 0}
--- !u!114 &8941942830456843360 stripped
MonoBehaviour:
  m_CorrespondingSourceObject: {fileID: -3433484430313442595, guid: 8a28930941fd8ac48af018ec5d9e4354, type: 3}
  m_PrefabInstance: {fileID: 3189104591206489789}
  m_PrefabAsset: {fileID: 0}
  m_GameObject: {fileID: 3586141244351445344}
  m_Enabled: 1
  m_EditorHideFlags: 0
  m_Script: {fileID: 11500000, guid: d279e9435c304defa58fcef921a3368c, type: 3}
  m_Name: 
  m_EditorClassIdentifier: 
--- !u!1001 &4091475135831404727
PrefabInstance:
  m_ObjectHideFlags: 0
  serializedVersion: 2
  m_Modification:
    m_TransformParent: {fileID: 3633300041713540853}
    m_Modifications:
    - target: {fileID: 226635335912663813, guid: 34cd05c603bdc6640bc3b2f270ce7b06, type: 3}
      propertyPath: m_Name
      value: ChloeAR15RifleView
      objectReference: {fileID: 0}
    - target: {fileID: 6738678041120465651, guid: 34cd05c603bdc6640bc3b2f270ce7b06, type: 3}
      propertyPath: m_Layer
      value: 3
      objectReference: {fileID: 0}
    - target: {fileID: 8385857585382830305, guid: 34cd05c603bdc6640bc3b2f270ce7b06, type: 3}
      propertyPath: m_RootOrder
      value: 0
      objectReference: {fileID: 0}
    - target: {fileID: 8385857585382830305, guid: 34cd05c603bdc6640bc3b2f270ce7b06, type: 3}
      propertyPath: m_LocalPosition.x
      value: 0
      objectReference: {fileID: 0}
    - target: {fileID: 8385857585382830305, guid: 34cd05c603bdc6640bc3b2f270ce7b06, type: 3}
      propertyPath: m_LocalPosition.y
      value: 0
      objectReference: {fileID: 0}
    - target: {fileID: 8385857585382830305, guid: 34cd05c603bdc6640bc3b2f270ce7b06, type: 3}
      propertyPath: m_LocalPosition.z
      value: 0
      objectReference: {fileID: 0}
    - target: {fileID: 8385857585382830305, guid: 34cd05c603bdc6640bc3b2f270ce7b06, type: 3}
      propertyPath: m_LocalRotation.w
      value: 1
      objectReference: {fileID: 0}
    - target: {fileID: 8385857585382830305, guid: 34cd05c603bdc6640bc3b2f270ce7b06, type: 3}
      propertyPath: m_LocalRotation.x
      value: 0
      objectReference: {fileID: 0}
    - target: {fileID: 8385857585382830305, guid: 34cd05c603bdc6640bc3b2f270ce7b06, type: 3}
      propertyPath: m_LocalRotation.y
      value: 0
      objectReference: {fileID: 0}
    - target: {fileID: 8385857585382830305, guid: 34cd05c603bdc6640bc3b2f270ce7b06, type: 3}
      propertyPath: m_LocalRotation.z
      value: 0
      objectReference: {fileID: 0}
    - target: {fileID: 8385857585382830305, guid: 34cd05c603bdc6640bc3b2f270ce7b06, type: 3}
      propertyPath: m_LocalEulerAnglesHint.x
      value: 0
      objectReference: {fileID: 0}
    - target: {fileID: 8385857585382830305, guid: 34cd05c603bdc6640bc3b2f270ce7b06, type: 3}
      propertyPath: m_LocalEulerAnglesHint.y
      value: 0
      objectReference: {fileID: 0}
    - target: {fileID: 8385857585382830305, guid: 34cd05c603bdc6640bc3b2f270ce7b06, type: 3}
      propertyPath: m_LocalEulerAnglesHint.z
      value: 0
      objectReference: {fileID: 0}
    m_RemovedComponents: []
  m_SourcePrefab: {fileID: 100100000, guid: 34cd05c603bdc6640bc3b2f270ce7b06, type: 3}
--- !u!114 &2546692939969033610 stripped
MonoBehaviour:
  m_CorrespondingSourceObject: {fileID: 1986225189100946749, guid: 34cd05c603bdc6640bc3b2f270ce7b06, type: 3}
  m_PrefabInstance: {fileID: 4091475135831404727}
  m_PrefabAsset: {fileID: 0}
  m_GameObject: {fileID: 0}
  m_Enabled: 1
  m_EditorHideFlags: 0
  m_Script: {fileID: 11500000, guid: 5b684a2ce0e64c9382a96a61c059fbc6, type: 3}
  m_Name: 
  m_EditorClassIdentifier: 
--- !u!4 &5523484616340586582 stripped
Transform:
  m_CorrespondingSourceObject: {fileID: 8385857585382830305, guid: 34cd05c603bdc6640bc3b2f270ce7b06, type: 3}
  m_PrefabInstance: {fileID: 4091475135831404727}
  m_PrefabAsset: {fileID: 0}
--- !u!1001 &7225792875707779266
PrefabInstance:
  m_ObjectHideFlags: 0
  serializedVersion: 2
  m_Modification:
    m_TransformParent: {fileID: 4219689072370754522}
    m_Modifications:
    - target: {fileID: 2598918131077898992, guid: f0479fa3a5c94e040a6f370bacc8efcd, type: 3}
      propertyPath: m_SizeDelta.x
      value: 0
      objectReference: {fileID: 0}
    - target: {fileID: 4773302291964347437, guid: f0479fa3a5c94e040a6f370bacc8efcd, type: 3}
      propertyPath: m_Pivot.x
      value: 0.5
      objectReference: {fileID: 0}
    - target: {fileID: 4773302291964347437, guid: f0479fa3a5c94e040a6f370bacc8efcd, type: 3}
      propertyPath: m_Pivot.y
      value: 0.5
      objectReference: {fileID: 0}
    - target: {fileID: 4773302291964347437, guid: f0479fa3a5c94e040a6f370bacc8efcd, type: 3}
      propertyPath: m_RootOrder
      value: 4
      objectReference: {fileID: 0}
    - target: {fileID: 4773302291964347437, guid: f0479fa3a5c94e040a6f370bacc8efcd, type: 3}
      propertyPath: m_AnchorMax.x
      value: 0.5
      objectReference: {fileID: 0}
    - target: {fileID: 4773302291964347437, guid: f0479fa3a5c94e040a6f370bacc8efcd, type: 3}
      propertyPath: m_AnchorMax.y
      value: 0.5
      objectReference: {fileID: 0}
    - target: {fileID: 4773302291964347437, guid: f0479fa3a5c94e040a6f370bacc8efcd, type: 3}
      propertyPath: m_AnchorMin.x
      value: 0.5
      objectReference: {fileID: 0}
    - target: {fileID: 4773302291964347437, guid: f0479fa3a5c94e040a6f370bacc8efcd, type: 3}
      propertyPath: m_AnchorMin.y
      value: 0.5
      objectReference: {fileID: 0}
    - target: {fileID: 4773302291964347437, guid: f0479fa3a5c94e040a6f370bacc8efcd, type: 3}
      propertyPath: m_SizeDelta.x
      value: 1.2
      objectReference: {fileID: 0}
    - target: {fileID: 4773302291964347437, guid: f0479fa3a5c94e040a6f370bacc8efcd, type: 3}
      propertyPath: m_SizeDelta.y
      value: 1.2
      objectReference: {fileID: 0}
    - target: {fileID: 4773302291964347437, guid: f0479fa3a5c94e040a6f370bacc8efcd, type: 3}
      propertyPath: m_LocalPosition.x
      value: 0
      objectReference: {fileID: 0}
    - target: {fileID: 4773302291964347437, guid: f0479fa3a5c94e040a6f370bacc8efcd, type: 3}
      propertyPath: m_LocalPosition.y
      value: 0
      objectReference: {fileID: 0}
    - target: {fileID: 4773302291964347437, guid: f0479fa3a5c94e040a6f370bacc8efcd, type: 3}
      propertyPath: m_LocalPosition.z
      value: 0
      objectReference: {fileID: 0}
    - target: {fileID: 4773302291964347437, guid: f0479fa3a5c94e040a6f370bacc8efcd, type: 3}
      propertyPath: m_LocalRotation.w
      value: 1
      objectReference: {fileID: 0}
    - target: {fileID: 4773302291964347437, guid: f0479fa3a5c94e040a6f370bacc8efcd, type: 3}
      propertyPath: m_LocalRotation.x
      value: -0
      objectReference: {fileID: 0}
    - target: {fileID: 4773302291964347437, guid: f0479fa3a5c94e040a6f370bacc8efcd, type: 3}
      propertyPath: m_LocalRotation.y
      value: -0
      objectReference: {fileID: 0}
    - target: {fileID: 4773302291964347437, guid: f0479fa3a5c94e040a6f370bacc8efcd, type: 3}
      propertyPath: m_LocalRotation.z
      value: -0
      objectReference: {fileID: 0}
    - target: {fileID: 4773302291964347437, guid: f0479fa3a5c94e040a6f370bacc8efcd, type: 3}
      propertyPath: m_AnchoredPosition.x
      value: 0
      objectReference: {fileID: 0}
    - target: {fileID: 4773302291964347437, guid: f0479fa3a5c94e040a6f370bacc8efcd, type: 3}
      propertyPath: m_AnchoredPosition.y
      value: 2
      objectReference: {fileID: 0}
    - target: {fileID: 4773302291964347437, guid: f0479fa3a5c94e040a6f370bacc8efcd, type: 3}
      propertyPath: m_LocalEulerAnglesHint.x
      value: 0
      objectReference: {fileID: 0}
    - target: {fileID: 4773302291964347437, guid: f0479fa3a5c94e040a6f370bacc8efcd, type: 3}
      propertyPath: m_LocalEulerAnglesHint.y
      value: 0
      objectReference: {fileID: 0}
    - target: {fileID: 4773302291964347437, guid: f0479fa3a5c94e040a6f370bacc8efcd, type: 3}
      propertyPath: m_LocalEulerAnglesHint.z
      value: 0
      objectReference: {fileID: 0}
    - target: {fileID: 7610894434020870199, guid: f0479fa3a5c94e040a6f370bacc8efcd, type: 3}
      propertyPath: m_SizeDelta.y
      value: 0
      objectReference: {fileID: 0}
    - target: {fileID: 8746919175219659766, guid: f0479fa3a5c94e040a6f370bacc8efcd, type: 3}
      propertyPath: m_AnchorMax.x
      value: 0
      objectReference: {fileID: 0}
    - target: {fileID: 8746919175219659766, guid: f0479fa3a5c94e040a6f370bacc8efcd, type: 3}
      propertyPath: m_AnchorMax.y
      value: 0
      objectReference: {fileID: 0}
    - target: {fileID: 8757759215078162857, guid: f0479fa3a5c94e040a6f370bacc8efcd, type: 3}
      propertyPath: m_Name
      value: UnitStateLayoutMiniBoss
      objectReference: {fileID: 0}
    m_RemovedComponents: []
  m_SourcePrefab: {fileID: 100100000, guid: f0479fa3a5c94e040a6f370bacc8efcd, type: 3}
--- !u!114 &807275413643043814 stripped
MonoBehaviour:
  m_CorrespondingSourceObject: {fileID: 8030807503120231204, guid: f0479fa3a5c94e040a6f370bacc8efcd, type: 3}
  m_PrefabInstance: {fileID: 7225792875707779266}
  m_PrefabAsset: {fileID: 0}
  m_GameObject: {fileID: 0}
  m_Enabled: 1
  m_EditorHideFlags: 0
  m_Script: {fileID: 11500000, guid: 9d678d7f779631a44958ad88a3b604ba, type: 3}
  m_Name: 
  m_EditorClassIdentifier: 
--- !u!114 &2286832245870850360 stripped
MonoBehaviour:
  m_CorrespondingSourceObject: {fileID: 8933832801985640954, guid: f0479fa3a5c94e040a6f370bacc8efcd, type: 3}
  m_PrefabInstance: {fileID: 7225792875707779266}
  m_PrefabAsset: {fileID: 0}
  m_GameObject: {fileID: 0}
  m_Enabled: 1
  m_EditorHideFlags: 0
  m_Script: {fileID: 11500000, guid: f4688fdb7df04437aeb418b961361dc5, type: 3}
  m_Name: 
  m_EditorClassIdentifier: 
--- !u!114 &4544001880754102012 stripped
MonoBehaviour:
  m_CorrespondingSourceObject: {fileID: 6577689725313898046, guid: f0479fa3a5c94e040a6f370bacc8efcd, type: 3}
  m_PrefabInstance: {fileID: 7225792875707779266}
  m_PrefabAsset: {fileID: 0}
  m_GameObject: {fileID: 0}
  m_Enabled: 1
  m_EditorHideFlags: 0
  m_Script: {fileID: 11500000, guid: 76dfbda135f95df4da4d262dfe85a98c, type: 3}
  m_Name: 
  m_EditorClassIdentifier: 
--- !u!114 &5382220809148985165 stripped
MonoBehaviour:
  m_CorrespondingSourceObject: {fileID: 3383981339460380559, guid: f0479fa3a5c94e040a6f370bacc8efcd, type: 3}
  m_PrefabInstance: {fileID: 7225792875707779266}
  m_PrefabAsset: {fileID: 0}
  m_GameObject: {fileID: 0}
  m_Enabled: 1
  m_EditorHideFlags: 0
  m_Script: {fileID: 11500000, guid: a366d4b35db54f7187e3b5ee1b7508fb, type: 3}
  m_Name: 
  m_EditorClassIdentifier: 
--- !u!114 &6650109244097643978 stripped
MonoBehaviour:
  m_CorrespondingSourceObject: {fileID: 4039380636294122760, guid: f0479fa3a5c94e040a6f370bacc8efcd, type: 3}
  m_PrefabInstance: {fileID: 7225792875707779266}
  m_PrefabAsset: {fileID: 0}
  m_GameObject: {fileID: 0}
  m_Enabled: 1
  m_EditorHideFlags: 0
  m_Script: {fileID: 11500000, guid: 0dfa878195794cd4b4812b98a97790ee, type: 3}
  m_Name: 
  m_EditorClassIdentifier: 
